Workbook

Sheet Resumo do Orçamento
A1: ='PO-Sintético'!A1 -> EMPREENDEDOR: PREFEITURA MUNICIPAL DE CENTRO DO GUILHERME-MA
A2: ='PO-Sintético'!A2 -> OBJETO : ESTRADAS VICINAIS-RECUPERAÇÃO
A3: ='PO-Sintético'!A3 -> LOCAL: ESTRADA VICINAL 45 ASSENTAMENTO - CENTRO DO GUILHERME -MA-2,88 KM
B5: Obra | C5: Bancos | D5: B.D.I. | G5: Encargos Sociais
B6: ESTRADAS VICINAIS-RECUPERAÇÃO-2,88 KM | C6: SINAPI - 10/2023 - Maranhão ORSE 10/2023 - Sergipe SEINFRA - 027 - Ceará | D6: 24,23% | G6: Não Desonerado: Horista: 114,05% Mensalista: 71,35%
A7: Planilha Orçamentária Resumida
A8: Item | B8: Descrição | H8: Total | I8: Peso (%)
A9: 1 | B9: Serviços Preliminares | H9: ='PO-Sintético'!I9 -> 58748.079 | I9: =H9/$G$17 -> 0.073712274
A10: 2 | B10: Administração da Obra | H10: ='PO-Sintético'!I13 -> 45934.539 | I10: =H10/$G$17 -> 0.057634895
A11: 3 | B11: ='PO-Sintético'!D18 -> REVESTIMENTO PRIMARIO | H11: ='PO-Sintético'!I18 -> 124136.18 | I11: =H11/$G$17 -> 0.15575591
A12: 4 | B12: ='PO-Sintético'!D22 -> TERRAPLENAGEM | H12: ='PO-Sintético'!I22 -> 173689.04 | I12: =H12/$G$17 -> 0.21793078
A13: 5 | B13: ='PO-Sintético'!D26 -> OBRAS DE ARTE CORRENTE | H13: ='PO-Sintético'!I26 -> 394483.97 | I13: =H13/$G$17 -> 0.49496615
I14: =SUM(I9:I13) -> 1
E17: Total Geral C/BDI | G17: =SUM(H9:H13) -> 796991.81
A18: IMPORTA O PRESENTE ORÇAMENTO NO VALOR DE
A19: ='PO-Sintético'!A32:J32 -> SETECENTOS E NOVENTA E SEIS MIL,NOVECENTOS E NOVENTA E UM REAIS E OITENTA E UM CENTAVOS
C20: ='PO-Sintético'!E33 -> 45261

Sheet PO-Sintético
A1: EMPREENDEDOR: PREFEITURA MUNICIPAL DE CENTRO DO GUILHERME-MA
A2: OBJETO : ESTRADAS VICINAIS-RECUPERAÇÃO
A3: LOCAL: ESTRADA VICINAL 45 ASSENTAMENTO - CENTRO DO GUILHERME -MA-2,88 KM
D5: Obra | E5: Bancos | G5: B.D.I. | I5: Encargos Sociais
D6: ESTRADAS VICINAIS-RECUPERAÇÃO-2,88 KM | E6: SINAPI - 10/2023 - Maranhão ORSE -10/2023 - Sergipe SEINFRA - 027 - Ceará | G6: 24,23% | I6: Não Desonerado: Horista: 114,05% Mensalista: 71,35% | L6: 1.2423
A7: Orçamento Sintético
A8: Item | B8: Código | C8: Banco | D8: Descrição | E8: Und | F8: Quant. | G8: Valor Unit | H8: Valor Unit com BDI | I8: Total | J8: Peso (%)
A9: 1 | D9: Serviços Preliminares | I9: =SUM(I10:I12) -> 58748.079 | J9: =SUM(J10:J12) -> 0.073712274
A10: 1.1 | B10: 51 | C10: ORSE | D10: Placa de obra em chapa aço galvanizado, instalada | E10: m² | F10: ='Memoria de Calculo'!D10 -> 6 | G10: =K10 -> 345.13 | H10: =G10*$L$6 -> 428.755 | I10: =H10*F10 -> 2572.53 | J10: =I10/$H$30 -> 0.0032277998 | K10: 345.13
A11: 1.2 | B11: 93584 | C11: SINAPI | D11: EXECUÇÃO DE DEPÓSITO EM CANTEIRO DE OBRA EM CHAPA DE MADEIRA COMPENSADA, NÃO INCLUSO MOBILIÁRIO. AF_04/2016 | E11: M2 | F11: ='Memoria de Calculo'!D11 -> 20 | G11: =K11 -> 962.65 | H11: =G11*$L$6 -> 1195.9001 | I11: =H11*F11 -> 23918.002 | J11: =I11/$H$30 -> 0.030010348 | K11: 962.65
A12: 1.3 | B12: 1 | C12: CPU | D12: MOBILIZAÇÃO E DESMOBILIZAÇÃO DE EQUIPAMENTOS | E12: UN | F12: ='Memoria de Calculo'!D12 -> 2 | G12: =K12 -> 12982.994 | H12: =G12*$L$6 -> 16128.773 | I12: =H12*F12 -> 32257.547 | J12: =I12/$H$30 -> 0.040474126 | K12: =COMP!G13 -> 12982.994
A13: 2 | D13: Administração da Obra | I13: =SUM(I14:I16) -> 45934.539 | J13: =SUM(J14:J16) -> 0.057634895
A14: 2.1 | B14: 90778 | C14: SINAPI | D14: ENGENHEIRO CIVIL DE OBRA PLENO COM ENCARGOS COMPLEMENTARES | E14: H | F14: ='Memoria de Calculo'!D14 -> 220 | G14: =K14 -> 112.95 | H14: =G14*$L$6 -> 140.31778 | I14: =H14*F14 -> 30869.913 | J14: =I14/$H$30 -> 0.038733036 | K14: 112.95
A15: 2.2 | B15: 90776 | C15: SINAPI | D15: ENCARREGADO GERAL COM ENCARGOS COMPLEMENTARES | E15: H | F15: ='Memoria de Calculo'!D15 -> 220 | G15: =K15 -> 31 | H15: =G15*$L$6 -> 38.5113 | I15: =H15*F15 -> 8472.486 | J15: =I15/$H$30 -> 0.010630581 | K15: 31
A16: 2.3 | B16: 88326 | C16: SINAPI | D16: VIGIA NOTURNO COM ENCARGOS COMPLEMENTARES | E16: H | F16: ='Memoria de Calculo'!D16 -> 220 | G16: =K16 -> 24.12 | H16: =G16*$L$6 -> 29.964276 | I16: =H16*F16 -> 6592.1407 | J16: =I16/$H$30 -> 0.0082712779 | K16: 24.12
A18: 3 | D18: REVESTIMENTO PRIMARIO | I18: =SUM(I19:I21) -> 124136.18 | J18: =I18/$H$30 -> 0.15575591
A19: 3.1 | B19: 99064 | C19: SINAPI | D19: LOCAÇÃO DE PAVIMENTAÇÃO. AF_10/2018 | E19: M | F19: ='Memoria de Calculo'!D19 -> 2880 | G19: =K19 -> 0.43 | H19: =G19*$L$6 -> 0.534189 | I19: =H19*F19 -> 1538.4643 | J19: =I19/$H$30 -> 0.0019303389 | K19: 0.43
A20: 3.2 | B20: 101230 | C20: SINAPI | D20: ESCAVAÇÃO VERTICAL PARA INFRAESTRUTURA, COM CARGA, DESCARGA E TRANSPORTE DE SOLO DE 1ª CATEGORIA, COM ESCAVADEIRA HIDRÁULICA (CAÇAMBA: 0,8 M³ / 111 HP), FROTA DE 3 CAMINHÕES BASCULANTES DE 14 M³, DMT ATÉ 1 KM E VELOCIDADE MÉDIA14 KM/H. AF_05/2020 | E20: M3 | F20: ='Memoria de Calculo'!D20 -> 3456 | G20: =K20 -> 10.94 | H20: =G20*$L$6 -> 13.590762 | I20: =H20*F20 -> 46969.673 | J20: =I20/$H$30 -> 0.058933696 | K20: 10.94
A21: 3.3 | B21: 93589 | C21: SINAPI | D21: TRANSPORTE COM CAMINHÃO BASCULANTE DE 10 M³, EM VIA URBANA EM LEITO NATURAL (UNIDADE: M3XKM). AF_07/2020 | E21: M3XKM | F21: ='Memoria de Calculo'!D21 -> 22464 | G21: =K21 -> 2.71 | H21: =G21*$L$6 -> 3.366633 | I21: =H21*F21 -> 75628.044 | J21: =I21/$H$30 -> 0.094891871 | K21: 2.71
A22: 4 | D22: TERRAPLENAGEM | I22: =SUM(I23:I25) -> 173689.04 | J22: =SUM(J23:J25) -> 0.21793078
A23: 4.1 | B23: 101230 | C23: SINAPI | D23: ESCAVAÇÃO VERTICAL PARA INFRAESTRUTURA, COM CARGA, DESCARGA E TRANSPORTE DE SOLO DE 1ª CATEGORIA, COM ESCAVADEIRA HIDRÁULICA (CAÇAMBA: 0,8 M³ / 111 HP), FROTA DE 3 CAMINHÕES BASCULANTES DE 14 M³, DMT ATÉ 1 KM E VELOCIDADE MÉDIA14 KM/H. AF_05/2020 | E23: M3 | F23: =F20 -> 3456 | G23: =K23 -> 10.94 | H23: =G23*$L$6 -> 13.590762 | I23: =H23*F23 -> 46969.673 | J23: =I23/$H$30 -> 0.058933696 | K23: =K20 -> 10.94
A24: 4.2 | B24: 93589 | C24: SINAPI | D24: TRANSPORTE COM CAMINHÃO BASCULANTE DE 10 M³, EM VIA URBANA EM LEITO NATURAL (UNIDADE: M3XKM). AF_07/2020 | E24: M3XKM | F24: ='Memoria de Calculo'!D24 -> 22464 | G24: =K24 -> 2.71 | H24: =G24*$L$6 -> 3.366633 | I24: =H24*F24 -> 75628.044 | J24: =I24/$H$30 -> 0.094891871 | K24: =K21 -> 2.71
A25: 4.3 | B25: 96388 | C25: SINAPI | D25: EXECUÇÃO E COMPACTAÇÃO DE BASE E OU SUB BASE PARA PAVIMENTAÇÃO DE SOLOS DE COMPORTAMENTO LATERÍTICO (ARENOSO) - EXCLUSIVE SOLO, ESCAVAÇÃO, CARGA E TRANSPORTE. AF_11/2019 | E25: M3 | F25: =F23 -> 3456 | G25: =K25 -> 11.9 | H25: =G25*$L$6 -> 14.78337 | I25: =H25*F25 -> 51091.327 | J25: =I25/$H$30 -> 0.064105209 | K25: 11.9
A26: 5.3 | D26: OBRAS DE ARTE CORRENTE | I26: =SUM(I27:I29) -> 394483.97 | J26: =SUM(J27:J29) -> 0.49496615
A27: 5.3.1 | B27: 102740 | C27: SINAPI | D27: BOCA PARA BUEIRO SIMPLES TUBULAR D = 100 CM EM CONCRETO, ALAS COM ESCONSIDADE DE 0°, INCLUINDO FÔRMAS E MATERIAIS. AF_07/2021 | E27: UN | F27: ='Memoria de Calculo'!D28 -> 46 | G27: =K27 -> 5465.57 | H27: =G27*$L$6 -> 6789.8776 | I27: =H27*F27 -> 312334.37 | J27: =I27/$H$30 -> 0.39189157 | K27: 5465.57
A28: 5.3.2 | B28: C4364 | C28: SEINFRA | D28: LIMPEZA DE BUEIRO, INCLUINDO A RETIRADA DOS ENTULHOS BEM COMO A ROÇADA E LIMPEZA GERAL DAS BOCAS | E28: M | F28: ='Memoria de Calculo'!D29 -> 18 | G28: =K28 -> 18.99 | H28: =G28*$L$6 -> 23.591277 | I28: =H28*F28 -> 424.64299 | J28: =I28/$H$30 -> 0.00053280721 | K28: 18.99
A29: 5.3.3 | B29: 9 | C29: CPU | D29: =COMP!C69 -> CORPO DE BUEIRO BSTC CA1 DN 1,0 M | E29: M | F29: ='Memoria de Calculo'!D30 -> 120 | G29: =K29 -> 548.21 | H29: =G29*$L$6 -> 681.04128 | I29: =H29*F29 -> 81724.954 | J29: =I29/$H$30 -> 0.10254177 | K29: =COMP!G72 -> 548.21
F30: Total Geral C/BDI | H30: =I9+I13+I18+I22+I26 -> 796991.81
A31: IMPORTA O PRESENTE ORÇAMENTO NO VALOR DE
A32: SETECENTOS E NOVENTA E SEIS MIL,NOVECENTOS E NOVENTA E UM REAIS E OITENTA E UM CENTAVOS
E33: 45261
F36: =SUBTOTAL(9,F17:F25) -> 58176

Sheet COMP
A2: COMPOSIÇÃO
A3: CPU | B3: 1 | C3: ='PO-Sintético'!D12 -> MOBILIZAÇÃO E DESMOBILIZAÇÃO DE EQUIPAMENTOS | D3: UND | E3: COEF | F3: PU | G3: TOTAL
A4: SINAPI | B4: 5934 | C4: MOTONIVELADORA POTÊNCIA BÁSICA LÍQUIDA (PRIMEIRA MARCHA) 125 HP, PESO BRUTO 13032 KG, LARGURA DA LÂMINA DE 3,7 M - CHI DIURNO. AF_06/2014 | D4: CHI | E4: 7 | F4: 93.25 | G4: =E4*F4 -> 652.75
A5: SINAPI | B5: 5869 | C5: ROLO COMPACTADOR VIBRATÓRIO TANDEM AÇO LISO, POTÊNCIA 58 HP, PESO SEM/COM LASTRO 6,5 / 9,4 T, LARGURA DE TRABALHO 1,2 M - CHI DIURNO. AF_06/2014 | D5: CHI | E5: 7 | F5: 71.62 | G5: =E5*F5 -> 501.34
A6: SINAPI | B6: 5881 | C6: ROLO COMPACTADOR VIBRATÓRIO PÉ DE CARNEIRO, OPERADO POR CONTROLE REMOTO, POTÊNCIA 12,5 KW, PESO OPERACIONAL 1,675 T, LARGURA DE TRABALHO 0,85 M - CHI DIURNO. AF_02/2016 | D6: CHI | E6: 7 | F6: 77.25 | G6: =E6*F6 -> 540.75
A7: SINAPI | B7: 5849 | C7: TRATOR DE ESTEIRAS, POTÊNCIA 170 HP, PESO OPERACIONAL 19 T, CAÇAMBA 5,2 M3 - CHI DIURNO. AF_06/2014 | D7: CHI | E7: 7 | F7: 80.65 | G7: =E7*F7 -> 564.55
A8: SINAPI | B8: 5632 | C8: ESCAVADEIRA HIDRÁULICA SOBRE ESTEIRAS, CAÇAMBA 0,80 M3, PESO OPERACIONAL 17 T, POTENCIA BRUTA 111 HP - CHI DIURNO. AF_06/2014 | D8: CHI | E8: 7 | F8: 81.94 | G8: =E8*F8 -> 573.58
A9: SINAPI | B9: 5942 | C9: PÁ CARREGADEIRA SOBRE RODAS, POTÊNCIA LÍQUIDA 128 HP, CAPACIDADE DA CAÇAMBA 1,7 A 2,8 M3, PESO OPERACIONAL 11632 KG - CHI DIURNO. AF_06/2014 | D9: CHI | E9: 7 | F9: 68.4 | G9: =E9*F9 -> 478.8
A10: SINAPI | B10: 90982 | C10: COMPRESSOR DE AR REBOCÁVEL, VAZÃO 748 PCM, PRESSÃO EFETIVA DE TRABALHO 102 PSI, MOTOR DIESEL, POTÊNCIA 210 CV - CHI DIURNO. AF_06/2015 | D10: CHI | E10: 7 | F10: 21.43 | G10: =E10*F10 -> 150.01
A11: SINAPI | B11: 92044 | C11: DISTRIBUIDOR DE AGREGADOS REBOCAVEL, CAPACIDADE 1,9 M³, LARGURA DE TRABALHO 3,66 M - CHI DIURNO. AF_11/2015 | D11: CHI | E11: 7 | F11: 7.8 | G11: =E11*F11 -> 54.6
A12: SINAPI | B12: 89876 | C12: CAMINHÃO BASCULANTE 14 M3, COM CAVALO MECÂNICO DE CAPACIDADE MÁXIMA DE TRAÇÃO COMBINADO DE 36000 KG, POTÊNCIA 286 CV, INCLUSIVE SEMIREBOQUE COM CAÇAMBA METÁLICA - CHP DIURNO. AF_12/2014 | D12: CHP | E12: 29.00755 | F12: 326.35 | G12: =E12*F12 -> 9466.614
F13: TOTAL | G13: =SUM(G4:G12) -> 12982.994
A15: CPU | B15: 2 | C15: TABULEIRO DE MADEIRA | D15: M3 | E15: COEF | F15: PU | G15: TOTAL
A16: SINAPI | B16: 88261 | C16: CARPINTEIRO DE ESQUADRIA COM ENCARGOS COMPLEMENTARES | D16: H | E16: 6 | F16: 23.98 | G16: =E16*F16 -> 143.88
A17: SINAPI | B17: 88239 | C17: AJUDANTE DE CARPINTEIRO COM ENCARGOS COMPLEMENTARES | D17: H | E17: 4 | F17: =F35 -> 19.94 | G17: =E17*F17 -> 79.76
A18: SINAPI-I | B18: 4006 | C18: MADEIRA SERRADA NAO APARELHADA DE PINUS, MISTA OU EQUIVALENTE DA REGIAO | D18: M3 | E18: 1 | F18: =F36 -> 2640.18 | G18: =E18*F18 -> 2640.18
A19: SINAPI-I | B19: 5061 | C19: PREGO DE ACO POLIDO COM CABECA 18 X 27 (2 1/2 X 10) | D19: KG | E19: 160 | F19: =F37 -> 19.35 | G19: =E19*F19 -> 3096
A20: SINAPI-I | B20: 428 | C20: PARAFUSO M16 EM ACO GALVANIZADO, COMPRIMENTO = 500 MM, DIAMETRO = 16 MM, ROSCA MAQUINA, COM CABECA SEXTAVADA E PORCA | D20: UN | E20: 40 | F20: =F38 -> 38.2 | G20: =E20*F20 -> 1528
A21: EMOP | B21: 4652 | C21: MOTOR SERRA MOTOR A GASOLINA | D21: H | E21: 1 | F21: =F30 -> 1214.37 | G21: =E21*F21 -> 1214.37
F22: TOTAL | G22: =SUM(G16:G21) -> 8702.19
A24: CPU | B24: 3 | C24: LONGARINA DE MADEIRA | D24: M3 | E24: COEF | F24: PU | G24: TOTAL
A25: SINAPI | B25: 88261 | C25: CARPINTEIRO DE ESQUADRIA COM ENCARGOS COMPLEMENTARES | D25: H | E25: 6 | F25: =F16 -> 23.98 | G25: =E25*F25 -> 143.88
A26: SINAPI | B26: 88239 | C26: AJUDANTE DE CARPINTEIRO COM ENCARGOS COMPLEMENTARES | D26: H | E26: 4 | F26: =F35 -> 19.94 | G26: =E26*F26 -> 79.76
A27: SINAPI-I | B27: 4006 | C27: MADEIRA SERRADA NAO APARELHADA DE PINUS, MISTA OU EQUIVALENTE DA REGIAO | D27: M3 | E27: 1 | F27: =F18 -> 2640.18 | G27: =E27*F27 -> 2640.18
A28: SINAPI-I | B28: 5061 | C28: PREGO DE ACO POLIDO COM CABECA 18 X 27 (2 1/2 X 10) | D28: KG | E28: 160 | F28: =F19 -> 19.35 | G28: =E28*F28 -> 3096
A29: SINAPI-I | B29: 428 | C29: PARAFUSO M16 EM ACO GALVANIZADO, COMPRIMENTO = 500 MM, DIAMETRO = 16 MM, ROSCA MAQUINA, COM CABECA SEXTAVADA E PORCA | D29: UN | E29: 40 | F29: =F20 -> 38.2 | G29: =E29*F29 -> 1528
A30: EMOP | B30: 4652 | C30: MOTOR SERRA MOTOR A GASOLINA | D30: UND | E30: 1 | F30: =F39 -> 1214.37 | G30: =E30*F30 -> 1214.37
F31: TOTAL | G31: =SUM(G25:G30) -> 8702.19
A33: CPU | B33: 4 | C33: TRANSVERSINAA DE MADEIRA | D33: M3 | E33: COEF | F33: PU | G33: TOTAL
A34: SINAPI | B34: 88261 | C34: CARPINTEIRO DE ESQUADRIA COM ENCARGOS COMPLEMENTARES | D34: H | E34: 6 | F34: =F25 -> 23.98 | G34: =E34*F34 -> 143.88
A35: SINAPI | B35: 88239 | C35: AJUDANTE DE CARPINTEIRO COM ENCARGOS COMPLEMENTARES | D35: H | E35: 4 | F35: 19.94 | G35: =E35*F35 -> 79.76
A36: SINAPI-I | B36: 4006 | C36: MADEIRA SERRADA NAO APARELHADA DE PINUS, MISTA OU EQUIVALENTE DA REGIAO | D36: M3 | E36: 1 | F36: 2640.18 | G36: =E36*F36 -> 2640.18
A37: SINAPI-I | B37: 5061 | C37: PREGO DE ACO POLIDO COM CABECA 18 X 27 (2 1/2 X 10) | D37: KG | E37: 160 | F37: 19.35 | G37: =E37*F37 -> 3096
A38: SINAPI-I | B38: 428 | C38: PARAFUSO M16 EM ACO GALVANIZADO, COMPRIMENTO = 500 MM, DIAMETRO = 16 MM, ROSCA MAQUINA, COM CABECA SEXTAVADA E PORCA | D38: UN | E38: 40 | F38: 38.2 | G38: =E38*F38 -> 1528
A39: EMOP | B39: 4652 | C39: MOTOR SERRA MOTOR A GASOLINA | D39: UND | E39: 1 | F39: 1214.37 | G39: =E39*F39 -> 1214.37
F40: TOTAL | G40: =SUM(G34:G39) -> 8702.19
A41: CPU | B41: 5 | C41: PASSA RODA DE MADEIRA | D41: M3 | E41: COEF | F41: PU | G41: TOTAL
A42: SINAPI | B42: 88261 | C42: CARPINTEIRO DE ESQUADRIA COM ENCARGOS COMPLEMENTARES | D42: H | E42: 6 | F42: =F34 -> 23.98 | G42: =E42*F42 -> 143.88
A43: SINAPI | B43: 88239 | C43: AJUDANTE DE CARPINTEIRO COM ENCARGOS COMPLEMENTARES | D43: H | E43: 4 | F43: =F35 -> 19.94 | G43: =E43*F43 -> 79.76
A44: SINAPI-I | B44: 4006 | C44: MADEIRA SERRADA NAO APARELHADA DE PINUS, MISTA OU EQUIVALENTE DA REGIAO | D44: M3 | E44: 1 | F44: =F36 -> 2640.18 | G44: =E44*F44 -> 2640.18
A45: SINAPI-I | B45: 5061 | C45: PREGO DE ACO POLIDO COM CABECA 18 X 27 (2 1/2 X 10) | D45: KG | E45: 100 | F45: =F37 -> 19.35 | G45: =E45*F45 -> 1935
A46: SINAPI-I | B46: 428 | C46: PARAFUSO M16 EM ACO GALVANIZADO, COMPRIMENTO = 500 MM, DIAMETRO = 16 MM, ROSCA MAQUINA, COM CABECA SEXTAVADA E PORCA | D46: UN | E46: 40 | F46: =F38 -> 38.2 | G46: =E46*F46 -> 1528
A47: EMOP | B47: 4652 | C47: MOTOR SERRA MOTOR A GASOLINA | D47: UN | E47: 1 | F47: =F39 -> 1214.37 | G47: =E47*F47 -> 1214.37
F48: TOTAL | G48: =SUM(G42:G47) -> 7541.19
A50: CPU | B50: 6 | C50: PILAR DE MADEIRA | D50: M3 | E50: COEF | F50: PU | G50: TOTAL
A51: SINAPI | B51: 88261 | C51: CARPINTEIRO DE ESQUADRIA COM ENCARGOS COMPLEMENTARES | D51: H | E51: 6 | F51: =F42 -> 23.98 | G51: =E51*F51 -> 143.88
A52: SINAPI | B52: 88239 | C52: AJUDANTE DE CARPINTEIRO COM ENCARGOS COMPLEMENTARES | D52: H | E52: 4 | F52: =F43 -> 19.94 | G52: =E52*F52 -> 79.76
A53: SINAPI-I | B53: 4006 | C53: MADEIRA SERRADA NAO APARELHADA DE PINUS, MISTA OU EQUIVALENTE DA REGIAO | D53: M3 | E53: 1 | F53: =F44 -> 2640.18 | G53: =E53*F53 -> 2640.18
A54: SINAPI-I | B54: 5061 | C54: PREGO DE ACO POLIDO COM CABECA 18 X 27 (2 1/2 X 10) | D54: KG | E54: 160 | F54: =F37 -> 19.35 | G54: =E54*F54 -> 3096
A55: SINAPI-I | B55: 428 | C55: PARAFUSO M16 EM ACO GALVANIZADO, COMPRIMENTO = 500 MM, DIAMETRO = 16 MM, ROSCA MAQUINA, COM CABECA SEXTAVADA E PORCA | D55: UN | E55: 40 | F55: =F46 -> 38.2 | G55: =E55*F55 -> 1528
A56: EMOP | B56: 4652 | C56: MOTOR SERRA MOTOR A GASOLINA | D56: UN | E56: 1 | F56: =F47 -> 1214.37 | G56: =E56*F56 -> 1214.37
F57: TOTAL | G57: =SUM(G51:G56) -> 8702.19
A59: CPU | B59: 7 | C59: CORPO DE BUEIRO BSTC CA1 DN 0,6 M | D59: M
A60: SINAPI | B60: 88316 | C60: SERVENTE COM ENCARGOS COMPLEMENTARES | D60: H | E60: 3 | F60: 19.3 | G60: =E60*F60 -> 57.9
A61: SINAPI-I | B61: 7725 | C61: TUBO DE CONCRETO ARMADO PARA AGUAS PLUVIAIS, CLASSE PA-1, COM ENCAIXE PONTA E BOLSA, DIAMETRO NOMINAL DE = 600 MM | D61: M | E61: 1 | F61: 227.5 | G61: =E61*F61 -> 227.5
F62: TOTAL | G62: =SUM(G60:G61) -> 285.4
A64: CPU | B64: 8 | C64: CORPO DE BUEIRO BDTC CA1 DN 1,0 M | D64: M
A65: SINAPI | B65: 88316 | C65: SERVENTE COM ENCARGOS COMPLEMENTARES | D65: H | E65: 3 | F65: 19.3 | G65: =E65*F65 -> 57.9
A66: SINAPI-I | B66: 7753 | C66: TUBO DE CONCRETO ARMADO PARA AGUAS PLUVIAIS, CLASSE PA-1, COM ENCAIXE PONTA E BOLSA, DIAMETRO NOMINAL DE 1000 MM | D66: M | E66: 2 | F66: 443.52 | G66: =E66*F66 -> 887.04
F67: TOTAL | G67: =SUM(G65:G66) -> 944.94
A69: CPU | B69: 9 | C69: CORPO DE BUEIRO BSTC CA1 DN 1,0 M | D69: M3 | H69: 0 | I69: 501.42
A70: SINAPI-I | B70: 7753 | C70: TUBO DE CONCRETO ARMADO PARA AGUAS PLUVIAIS, CLASSE PA-1, COM ENCAIXE PONTA E BOLSA, DIAMETRO NOMINAL DE 1000 MM | D70: M | E70: 1 | F70: 490.31 | G70: =E70*F70 -> 490.31 | H70: 0 | I70: 443.52
A71: SINAPI | B71: 88316 | C71: SERVENTE COM ENCARGOS COMPLEMENTARES | D71: H | E71: 3 | F71: 19.3 | G71: =E71*F71 -> 57.9 | H71: 0 | I71: 19.3
F72: TOTAL | G72: =SUM(G70:G71) -> 548.21
A73: CPU | B73: 10 | C73: CORPO DE BUEIRO BSTC CA1 DN 0,8 M | H73: 0 | I73: 436.42
A74: SINAPI | B74: 88316 | C74: SERVENTE COM ENCARGOS COMPLEMENTARES | D74: H | E74: 3 | F74: 19.3 | G74: =E74*F74 -> 57.9 | H74: 0 | I74: 19.3
A75: SINAPI-I | B75: 7750 | C75: TUBO DE CONCRETO ARMADO PARA AGUAS PLUVIAIS, CLASSE PA-1, COM ENCAIXE PONTA E BOLSA, DIAMETRO NOMINAL DE 800 MM | D75: M | E75: 1 | F75: 378.52 | G75: =E75*F75 -> 378.52 | H75: 0 | I75: 378.52
F76: TOTAL | G76: =SUM(G74:G75) -> 436.42

Sheet comp pontes
C2: POVOADO SÃO BENEDITO A AGUAS BELAS
A3: CPU | B3: 11 | C3: PONTE (3Mx5Mx2M)
C4: Movimento de Terra | H4: =SUM(H5:H8) -> 5333.7839 | I4: =SUM(I5:I8) -> 0.041751389
A5: 96521 | B5: SINAPI | C5: ESCAVAÇÃO MECANIZADA PARA BLOCO DE COROAMENTO OU SAPATA COM RETROESCAVADEIRA (INCLUINDO ESCAVAÇÃO PARA COLOCAÇÃO DE FÔRMAS). AF_06/2017 | D5: M3 | E5: =9*1.5*1.5*1.5+5*0.8*0.8*3 -> 39.975 | F5: 38.15 | G5: =F5*1.2423 -> 47.393745 | H5: =G5*E5 -> 1894.565 | I5: =H5/$H$28 -> 0.014830132
A6: 94319 | B6: SINAPI | C6: ATERRO MANUAL DE VALAS COM SOLO ARGILO-ARENOSO E COMPACTAÇÃO MECANIZADA. AF_05/2016 | D6: M3 | E6: =E5*0.9 -> 35.9775 | F6: 72.07 | G6: =F6*1.2423 -> 89.532561 | H6: =G6*E6 -> 3221.1577 | I6: =H6/$H$28 -> 0.025214334
A7: 100982 | B7: SINAPI | C7: CARGA, MANOBRA E DESCARGA DE ENTULHO EM CAMINHÃO BASCULANTE 10 M³ - CARGA COM ESCAVADEIRA HIDRÁULICA (CAÇAMBA DE 0,80 M³ / 111 HP) E DESCARGA LIVRE (UNIDADE: M3). AF_07/2020 | D7: M3 | E7: =E5-E6 -> 3.9975 | F7: 7.9 | G7: =F7*1.2423 -> 9.81417 | H7: =G7*E7 -> 39.232145 | I7: =H7/$H$28 -> 0.00030709841
A8: 93588 | B8: SINAPI | C8: TRANSPORTE COM CAMINHÃO BASCULANTE DE 10 M³, EM VIA URBANA EM LEITO NATURAL (UNIDADE: M3XKM). AF_07/2020 | D8: M3XKM | E8: =E7*10*1.3 -> 51.9675 | F8: 2.77 | G8: =F8*1.2423 -> 3.441171 | H8: =G8*E8 -> 178.82905 | I8: =H8/$H$28 -> 0.0013998245
C9: Infraestrutura | H9: =SUM(H10:H16) -> 71089.509 | I9: =SUM(I10:I16) -> 0.55646907
A10: C1293 | B10: SEINFRA | C10: ESTACA DE MADEIRA CONDIÇÕES FAVORÁVEIS D= 25cm P/8 A 10T | D10: M | E10: =9*4*5 -> 180 | F10: 86.47 | G10: =F10*1.2423 -> 107.42168 | H10: =G10*E10 -> 19335.903 | I10: =H10/$H$28 -> 0.15135611
A11: 96535 | B11: SINAPI | C11: FABRICAÇÃO, MONTAGEM E DESMONTAGEM DE FÔRMA PARA SAPATA, EM MADEIRA SERRADA, E=25 MM, 4 UTILIZAÇÕES. AF_06/2017 | D11: M2 | E11: =9*1.5*1.5*2 -> 40.5 | F11: 151.01 | G11: =F11*1.2423 -> 187.59972 | H11: =G11*E11 -> 7597.7888 | I11: =H11/$H$28 -> 0.059473396
A12: 96619 | B12: SINAPI | C12: LASTRO DE CONCRETO MAGRO, APLICADO EM BLOCOS DE COROAMENTO OU SAPATAS, ESPESSURA DE 5 CM. AF_08/2017 | D12: M2 | E12: =9*1.5*1.5 -> 20.25 | F12: 29.12 | G12: =F12*1.2423 -> 36.175776 | H12: =G12*E12 -> 732.55946 | I12: =H12/$H$28 -> 0.0057342735
A13: 102487 | B13: SINAPI | C13: CONCRETO CICLÓPICO FCK = 15MPA, 30% PEDRA DE MÃO EM VOLUME REAL, INCLUSIVE LANÇAMENTO. AF_05/2021 | D13: M3 | E13: =5*0.8*0.8*3 -> 9.6 | F13: 522.47 | G13: =F13*1.2423 -> 649.06448 | H13: =G13*E13 -> 6231.019 | I13: =H13/$H$28 -> 0.048774699
A14: 104486 | B14: SINAPI | C14: ESTRUTURA DE CONCRETO ARMADO (SAPATAS) | D14: M3 | E14: =9*0.8*0.8*1.5 -> 8.64 | F14: 3307.35 | G14: =F14*1.2423 -> 4108.7209 | H14: =G14*E14 -> 35499.349 | I14: =H14/$H$28 -> 0.27787911
A15: 100950 | B15: SINAPI | C15: TRANSPORTE COM CAMINHÃO CARROCERIA COM GUINDAUTO (MUNCK), MOMENTO MÁXIMO DE CARGA 11,7 TM, EM VIA URBANA EM LEITO NATURAL (UNIDADE: TXKM). AF_07/2020 | D15: TXKM | E15: =(3.14*0.25^2/4*E10)/2.83*10 -> 31.20583 | F15: 3.14 | G15: =F15*1.2423 -> 3.900822 | H15: =G15*E15 -> 121.72839 | I15: =H15/$H$28 -> 0.00095285627
A16: 5940 | B16: SINAPI | C16: PÁ CARREGADEIRA SOBRE RODAS, POTÊNCIA LÍQUIDA 128 HP, CAPACIDADE DA CAÇAMBA 1,7 A 2,8 M3, PESO OPERACIONAL 11632 KG - CHP DIURNO. AF_06/2014 | D16: CHP | E16: 8 | F16: 158.09 | G16: =F16*1.2423 -> 196.39521 | H16: =G16*E16 -> 1571.1617 | I16: =H16/$H$28 -> 0.01229862
C17: Mesoestrutura e Superestrutura | H17: =SUM(H18:H25) -> 50909.6 | I17: =SUM(I18:I25) -> 0.39850631
A18: 2 | B18: CPU | C18: TABULEIRO DE MADEIRA DE LEI -FORNECIMENTO E INSTALAÇÃO | D18: M3 | E18: =5*3*0.08 -> 1.2 | F18: =COMP!G22 -> 8702.19 | G18: =F18*1.2423 -> 10810.731 | H18: =G18*E18 -> 12972.877 | I18: =H18/$H$28 -> 0.1015481
A19: 3 | B19: CPU | C19: LONGARINA DE MADEIRA DE LEI - FORNECIMMENTO E INSTALAÇÃO | D19: M3 | E19: =3*2*0.2*0.3 -> 0.36 | F19: =F18 -> 8702.19 | G19: =F19*1.2423 -> 10810.731 | H19: =G19*E19 -> 3891.863 | I19: =H19/$H$28 -> 0.030464431
A20: 4 | B20: CPU | C20: TRANSVERSINAS DE MADEIRA DE LEI -FORNECIMENTO E INSTALAÇÃO(CABECEIRAE CENTRAL) | D20: M3 | E20: =3*5*0.2*0.3 -> 0.9 | F20: =F19 -> 8702.19 | G20: =F20*1.2423 -> 10810.731 | H20: =G20*E20 -> 9729.6576 | I20: =H20/$H$28 -> 0.076161077
A21: 4 | B21: CPU | C21: TRANSVERSINAS DE MADEIRA DE LEI -FORNECIMENTO E INSTALAÇÃO(LONGITUDINAIS) | D21: M3 | E21: =20*0.15*0.25 -> 0.75 | F21: =F20 -> 8702.19 | G21: =F21*1.2423 -> 10810.731 | H21: =G21*E21 -> 8108.048 | I21: =H21/$H$28 -> 0.063467564
A22: 5 | B22: CPU | C22: PASSA RODAS DE MADEIRA DE LEI -FORNECIMENTO E INSTLAÇÃO | D22: M3 | E22: =2*3*0.8*0.05 -> 0.24 | F22: =COMP!G48 -> 7541.19 | G22: =F22*1.2423 -> 9368.4203 | H22: =G22*E22 -> 2248.4209 | I22: =H22/$H$28 -> 0.017600019
A23: 7209 | B23: ORSE | C23: Guarda-corpo em peça de madeira massaranduba 10 x 10 cm, alt = 1,00m, espaçamento entre as colunas de 1,00m e peça vertical de 10 x 10 cm | D23: M2 | E23: 6 | F23: 553.78 | G23: =F23*1.2423 -> 687.96089 | H23: =G23*E23 -> 4127.7654 | I23: =H23/$H$28 -> 0.032311009
A24: 6 | B24: CPU | C24: PILAR DE MADEIRA DE LEI -FORNECIMENTO E INSTALAÇÃO | D24: M3 | E24: =2*9*0.2*0.25 -> 0.9 | F24: =F21 -> 8702.19 | G24: =F24*1.2423 -> 10810.731 | H24: =G24*E24 -> 9729.6576 | I24: =H24/$H$28 -> 0.076161077
A25: 100950 | B25: SINAPI | C25: TRANSPORTE COM CAMINHÃO CARROCERIA COM GUINDAUTO (MUNCK), MOMENTO MÁXIMO DE CARGA 11,7 TM, EM VIA URBANA EM LEITO NATURAL (UNIDADE: TXKM). AF_07/2020 | D25: TXKM | E25: =10*(E18+E19+E20+E21+E22+E24+30*0.1)/2.83 -> 25.971731 | F25: =F15 -> 3.14 | G25: =F25*1.2423 -> 3.900822 | H25: =G25*E25 -> 101.3111 | I25: =H25/$H$28 -> 0.00079303537
C26: Pintura | H26: =H27 -> 418.15818 | I26: =I27 -> 0.0032732269
A27: 102234 | B27: SINAPI | C27: PINTURA IMUNIZANTE PARA MADEIRA, 2 DEMÃOS. AF_01/2021 | D27: M2 | E27: 15 | F27: 22.44 | G27: =F27*1.2423 -> 27.877212 | H27: =G27*E27 -> 418.15818 | I27: =H27/$H$28 -> 0.0032732269
G28: TOTAL | H28: =H4+H9+H17+H26 -> 127751.05 | I28: =I4+I9+I17+I26 -> 1
A29: CPU | B29: 12 | C29: PONTE (6Mx5Mx2M)
C30: Movimento de Terra | H30: =SUM(H31:H34) -> 7111.7118 | I30: =SUM(I31:I34) -> 0.037234337
A31: 96521 | B31: SINAPI | C31: ESCAVAÇÃO MECANIZADA PARA BLOCO DE COROAMENTO OU SAPATA COM RETROESCAVADEIRA (INCLUINDO ESCAVAÇÃO PARA COLOCAÇÃO DE FÔRMAS). AF_06/2017 | D31: M3 | E31: =12*1.5*1.5*1.5+5*0.8*0.8*4 -> 53.3 | F31: 38.15 | G31: =F31*1.2423 -> 47.393745 | H31: =G31*E31 -> 2526.0866 | I31: =H31/$H$54 -> 0.013225671
A32: 94319 | B32: SINAPI | C32: ATERRO MANUAL DE VALAS COM SOLO ARGILO-ARENOSO E COMPACTAÇÃO MECANIZADA. AF_05/2016 | D32: M3 | E32: =E31*0.9 -> 47.97 | F32: 72.07 | G32: =F32*1.2423 -> 89.532561 | H32: =G32*E32 -> 4294.877 | I32: =H32/$H$54 -> 0.022486414
A33: 100982 | B33: SINAPI | C33: CARGA, MANOBRA E DESCARGA DE ENTULHO EM CAMINHÃO BASCULANTE 10 M³ - CARGA COM ESCAVADEIRA HIDRÁULICA (CAÇAMBA DE 0,80 M³ / 111 HP) E DESCARGA LIVRE (UNIDADE: M3). AF_07/2020 | D33: M3 | E33: =E31-E32 -> 5.33 | F33: 7.9 | G33: =F33*1.2423 -> 9.81417 | H33: =G33*E33 -> 52.309526 | I33: =H33/$H$54 -> 0.00027387366
A34: 93588 | B34: SINAPI | C34: TRANSPORTE COM CAMINHÃO BASCULANTE DE 10 M³, EM VIA URBANA EM LEITO NATURAL (UNIDADE: M3XKM). AF_07/2020 | D34: M3XKM | E34: =E33*10*1.3 -> 69.29 | F34: 2.77 | G34: =F34*1.2423 -> 3.441171 | H34: =G34*E34 -> 238.43874 | I34: =H34/$H$54 -> 0.0012483785
C35: Infraestrutura | H35: =SUM(H36:H42) -> 94262.291 | I35: =SUM(I36:I42) -> 0.49352308
A36: C1293 | B36: SEINFRA | C36: ESTACA DE MADEIRA CONDIÇÕES FAVORÁVEIS D= 25cm P/8 A 10T | D36: M | E36: =12*4*5 -> 240 | F36: 86.47 | G36: =F36*1.2423 -> 107.42168 | H36: =G36*E36 -> 25781.203 | I36: =H36/$H$54 -> 0.13498101
A37: 96535 | B37: SINAPI | C37: FABRICAÇÃO, MONTAGEM E DESMONTAGEM DE FÔRMA PARA SAPATA, EM MADEIRA SERRADA, E=25 MM, 4 UTILIZAÇÕES. AF_06/2017 | D37: M2 | E37: =12*1.5*1.5*2 -> 54 | F37: 151.01 | G37: =F37*1.2423 -> 187.59972 | H37: =G37*E37 -> 10130.385 | I37: =H37/$H$54 -> 0.053039012
A38: 96619 | B38: SINAPI | C38: LASTRO DE CONCRETO MAGRO, APLICADO EM BLOCOS DE COROAMENTO OU SAPATAS, ESPESSURA DE 5 CM. AF_08/2017 | D38: M2 | E38: =12*1.5*1.5 -> 27 | F38: 29.12 | G38: =F38*1.2423 -> 36.175776 | H38: =G38*E38 -> 976.74595 | I38: =H38/$H$54 -> 0.0051138866
A39: 102487 | B39: SINAPI | C39: CONCRETO CICLÓPICO FCK = 15MPA, 30% PEDRA DE MÃO EM VOLUME REAL, INCLUSIVE LANÇAMENTO. AF_05/2021 | D39: M3 | E39: =5*0.8*0.8*4 -> 12.8 | F39: 522.47 | G39: =F39*1.2423 -> 649.06448 | H39: =G39*E39 -> 8308.0254 | I39: =H39/$H$54 -> 0.043497799
A40: 104486 | B40: SINAPI | C40: ESTRUTURA DE CONCRETO ARMADO (SAPATAS) | D40: M3 | E40: =12*0.8*0.8*1.5 -> 11.52 | F40: 3307.35 | G40: =F40*1.2423 -> 4108.7209 | H40: =G40*E40 -> 47332.465 | I40: =H40/$H$54 -> 0.24781557
A41: 100950 | B41: SINAPI | C41: TRANSPORTE COM CAMINHÃO CARROCERIA COM GUINDAUTO (MUNCK), MOMENTO MÁXIMO DE CARGA 11,7 TM, EM VIA URBANA EM LEITO NATURAL (UNIDADE: TXKM). AF_07/2020 | D41: TXKM | E41: =(3.14*0.25^2/4*E36)/2.83*10 -> 41.607774 | F41: 3.14 | G41: =F41*1.2423 -> 3.900822 | H41: =G41*E41 -> 162.30452 | I41: =H41/$H$54 -> 0.00084976744
A42: 5940 | B42: SINAPI | C42: PÁ CARREGADEIRA SOBRE RODAS, POTÊNCIA LÍQUIDA 128 HP, CAPACIDADE DA CAÇAMBA 1,7 A 2,8 M3, PESO OPERACIONAL 11632 KG - CHP DIURNO. AF_06/2014 | D42: CHP | E42: 8 | F42: 158.09 | G42: =F42*1.2423 -> 196.39521 | H42: =G42*E42 -> 1571.1617 | I42: =H42/$H$54 -> 0.0082260311
C43: Mesoestrutura e Superestrutura | H43: =SUM(H44:H51) -> 88788.432 | I43: =SUM(I44:I51) -> 0.46486394
A44: 2 | B44: CPU | C44: TABULEIRO DE MADEIRA DE LEI -FORNECIMENTO E INSTALAÇÃO | D44: M3 | E44: =5*6*0.08 -> 2.4 | F44: =COMP!G22 -> 8702.19 | G44: =F44*1.2423 -> 10810.731 | H44: =G44*E44 -> 25945.754 | I44: =H44/$H$54 -> 0.13584253
A45: 3 | B45: CPU | C45: LONGARINA DE MADEIRA DE LEI - FORNECIMMENTO E INSTALAÇÃO | D45: M3 | E45: =6*2*0.2*0.3 -> 0.72 | F45: =F44 -> 8702.19 | G45: =F45*1.2423 -> 10810.731 | H45: =G45*E45 -> 7783.7261 | I45: =H45/$H$54 -> 0.040752759
A46: 4 | B46: CPU | C46: TRANSVERSINAS DE MADEIRA DE LEI -FORNECIMENTO E INSTALAÇÃO(CABECEIRAE CENTRAL) | D46: M3 | E46: =4*5*0.2*0.3 -> 1.2 | F46: =F45 -> 8702.19 | G46: =F46*1.2423 -> 10810.731 | H46: =G46*E46 -> 12972.877 | I46: =H46/$H$54 -> 0.067921265
A47: 4 | B47: CPU | C47: TRANSVERSINAS DE MADEIRA DE LEI -FORNECIMENTO E INSTALAÇÃO(LONGITUDINAIS) | D47: M3 | E47: =40*0.15*0.25 -> 1.5 | F47: =F46 -> 8702.19 | G47: =F47*1.2423 -> 10810.731 | H47: =G47*E47 -> 16216.096 | I47: =H47/$H$54 -> 0.084901581
A48: 5 | B48: CPU | C48: PASSA RODAS DE MADEIRA DE LEI -FORNECIMENTO E INSTLAÇÃO | D48: M3 | E48: =2*6*0.8*0.05 -> 0.48 | F48: =COMP!G48 -> 7541.19 | G48: =F48*1.2423 -> 9368.4203 | H48: =G48*E48 -> 4496.8418 | I48: =H48/$H$54 -> 0.023543828
A49: 7209 | B49: ORSE | C49: Guarda-corpo em peça de madeira massaranduba 10 x 10 cm, alt = 1,00m, espaçamento entre as colunas de 1,00m e peça vertical de 10 x 10 cm | D49: M2 | E49: 12 | F49: 553.78 | G49: =F49*1.2423 -> 687.96089 | H49: =G49*E49 -> 8255.5307 | I49: =H49/$H$54 -> 0.043222957
A50: 6 | B50: CPU | C50: PILAR DE MADEIRA DE LEI -FORNECIMENTO E INSTALAÇÃO | D50: M3 | E50: =2*12*0.2*0.25 -> 1.2 | F50: =F47 -> 8702.19 | G50: =F50*1.2423 -> 10810.731 | H50: =G50*E50 -> 12972.877 | I50: =H50/$H$54 -> 0.067921265
A51: 100950 | B51: SINAPI | C51: TRANSPORTE COM CAMINHÃO CARROCERIA COM GUINDAUTO (MUNCK), MOMENTO MÁXIMO DE CARGA 11,7 TM, EM VIA URBANA EM LEITO NATURAL (UNIDADE: TXKM). AF_07/2020 | D51: TXKM | E51: =10*(E44+E45+E46+E47+E48+E50+30*0.1)/2.83 -> 37.102473 | F51: =F41 -> 3.14 | G51: =F51*1.2423 -> 3.900822 | H51: =G51*E51 -> 144.73014 | I51: =H51/$H$54 -> 0.00075775441
C52: Pintura | H52: =H53 -> 836.31636 | I52: =I53 -> 0.0043786483
A53: 102234 | B53: SINAPI | C53: PINTURA IMUNIZANTE PARA MADEIRA, 2 DEMÃOS. AF_01/2021 | D53: M2 | E53: 30 | F53: 22.44 | G53: =F53*1.2423 -> 27.877212 | H53: =G53*E53 -> 836.31636 | I53: =H53/$H$54 -> 0.0043786483
G54: TOTAL | H54: =H30+H35+H43+H52 -> 190998.75 | I54: =I30+I35+I43+I52 -> 1
A56: CPU | B56: 13 | C56: PONTE (6Mx5Mx3M)
C57: Movimento de Terra | H57: =SUM(H58:H61) -> 7111.7118 | I57: =SUM(I58:I61) -> 0.03600986
A58: 96521 | B58: SINAPI | C58: ESCAVAÇÃO MECANIZADA PARA BLOCO DE COROAMENTO OU SAPATA COM RETROESCAVADEIRA (INCLUINDO ESCAVAÇÃO PARA COLOCAÇÃO DE FÔRMAS). AF_06/2017 | D58: M3 | E58: =12*1.5*1.5*1.5+5*0.8*0.8*4 -> 53.3 | F58: 38.15 | G58: =F58*1.2423 -> 47.393745 | H58: =G58*E58 -> 2526.0866 | I58: =H58/$H$81 -> 0.012790736
A59: 94319 | B59: SINAPI | C59: ATERRO MANUAL DE VALAS COM SOLO ARGILO-ARENOSO E COMPACTAÇÃO MECANIZADA. AF_05/2016 | D59: M3 | E59: =E58*0.9 -> 47.97 | F59: 72.07 | G59: =F59*1.2423 -> 89.532561 | H59: =G59*E59 -> 4294.877 | I59: =H59/$H$81 -> 0.021746933
A60: 100982 | B60: SINAPI | C60: CARGA, MANOBRA E DESCARGA DE ENTULHO EM CAMINHÃO BASCULANTE 10 M³ - CARGA COM ESCAVADEIRA HIDRÁULICA (CAÇAMBA DE 0,80 M³ / 111 HP) E DESCARGA LIVRE (UNIDADE: M3). AF_07/2020 | D60: M3 | E60: =E58-E59 -> 5.33 | F60: 7.9 | G60: =F60*1.2423 -> 9.81417 | H60: =G60*E60 -> 52.309526 | I60: =H60/$H$81 -> 0.00026486713
A61: 93588 | B61: SINAPI | C61: TRANSPORTE COM CAMINHÃO BASCULANTE DE 10 M³, EM VIA URBANA EM LEITO NATURAL (UNIDADE: M3XKM). AF_07/2020 | D61: M3XKM | E61: =E60*10*1.3 -> 69.29 | F61: 2.77 | G61: =F61*1.2423 -> 3.441171 | H61: =G61*E61 -> 238.43874 | I61: =H61/$H$81 -> 0.0012073247
C62: Infraestrutura | H62: =SUM(H63:H69) -> 94262.291 | I62: =SUM(I63:I69) -> 0.47729323
A63: C1293 | B63: SEINFRA | C63: ESTACA DE MADEIRA CONDIÇÕES FAVORÁVEIS D= 25cm P/8 A 10T | D63: M | E63: =12*4*5 -> 240 | F63: 86.47 | G63: =F63*1.2423 -> 107.42168 | H63: =G63*E63 -> 25781.203 | I63: =H63/$H$81 -> 0.13054206
A64: 96535 | B64: SINAPI | C64: FABRICAÇÃO, MONTAGEM E DESMONTAGEM DE FÔRMA PARA SAPATA, EM MADEIRA SERRADA, E=25 MM, 4 UTILIZAÇÕES. AF_06/2017 | D64: M2 | E64: =12*1.5*1.5*2 -> 54 | F64: 151.01 | G64: =F64*1.2423 -> 187.59972 | H64: =G64*E64 -> 10130.385 | I64: =H64/$H$81 -> 0.051294788
A65: 96619 | B65: SINAPI | C65: LASTRO DE CONCRETO MAGRO, APLICADO EM BLOCOS DE COROAMENTO OU SAPATAS, ESPESSURA DE 5 CM. AF_08/2017 | D65: M2 | E65: =12*1.5*1.5 -> 27 | F65: 29.12 | G65: =F65*1.2423 -> 36.175776 | H65: =G65*E65 -> 976.74595 | I65: =H65/$H$81 -> 0.0049457129
A66: 102487 | B66: SINAPI | C66: CONCRETO CICLÓPICO FCK = 15MPA, 30% PEDRA DE MÃO EM VOLUME REAL, INCLUSIVE LANÇAMENTO. AF_05/2021 | D66: M3 | E66: =5*0.8*0.8*4 -> 12.8 | F66: 522.47 | G66: =F66*1.2423 -> 649.06448 | H66: =G66*E66 -> 8308.0254 | I66: =H66/$H$81 -> 0.042067344
A67: 104486 | B67: SINAPI | C67: ESTRUTURA DE CONCRETO ARMADO (SAPATAS) | D67: M3 | E67: =12*0.8*0.8*1.5 -> 11.52 | F67: 3307.35 | G67: =F67*1.2423 -> 4108.7209 | H67: =G67*E67 -> 47332.465 | I67: =H67/$H$81 -> 0.23966599
A68: 100950 | B68: SINAPI | C68: TRANSPORTE COM CAMINHÃO CARROCERIA COM GUINDAUTO (MUNCK), MOMENTO MÁXIMO DE CARGA 11,7 TM, EM VIA URBANA EM LEITO NATURAL (UNIDADE: TXKM). AF_07/2020 | D68: TXKM | E68: =(3.14*0.25^2/4*E63)/2.83*10 -> 41.607774 | F68: 3.14 | G68: =F68*1.2423 -> 3.900822 | H68: =G68*E68 -> 162.30452 | I68: =H68/$H$81 -> 0.00082182225
A69: 5940 | B69: SINAPI | C69: PÁ CARREGADEIRA SOBRE RODAS, POTÊNCIA LÍQUIDA 128 HP, CAPACIDADE DA CAÇAMBA 1,7 A 2,8 M3, PESO OPERACIONAL 11632 KG - CHP DIURNO. AF_06/2014 | D69: CHP | E69: 8 | F69: 158.09 | G69: =F69*1.2423 -> 196.39521 | H69: =G69*E69 -> 1571.1617 | I69: =H69/$H$81 -> 0.0079555124
C70: Mesoestrutura e Superestrutura | H70: =SUM(H71:H78) -> 95283.14 | I70: =SUM(I71:I78) -> 0.48246226
A71: 2 | B71: CPU | C71: TABULEIRO DE MADEIRA DE LEI -FORNECIMENTO E INSTALAÇÃO | D71: M3 | E71: =5*6*0.08 -> 2.4 | F71: =COMP!G22 -> 8702.19 | G71: =F71*1.2423 -> 10810.731 | H71: =G71*E71 -> 25945.754 | I71: =H71/$H$81 -> 0.13137525
A72: 3 | B72: CPU | C72: LONGARINA DE MADEIRA DE LEI - FORNECIMMENTO E INSTALAÇÃO | D72: M3 | E72: =6*2*0.2*0.3 -> 0.72 | F72: =F71 -> 8702.19 | G72: =F72*1.2423 -> 10810.731 | H72: =G72*E72 -> 7783.7261 | I72: =H72/$H$81 -> 0.039412576
A73: 4 | B73: CPU | C73: TRANSVERSINAS DE MADEIRA DE LEI -FORNECIMENTO E INSTALAÇÃO(CABECEIRAE CENTRAL) | D73: M3 | E73: =4*5*0.2*0.3 -> 1.2 | F73: =F72 -> 8702.19 | G73: =F73*1.2423 -> 10810.731 | H73: =G73*E73 -> 12972.877 | I73: =H73/$H$81 -> 0.065687627
A74: 4 | B74: CPU | C74: TRANSVERSINAS DE MADEIRA DE LEI -FORNECIMENTO E INSTALAÇÃO(LONGITUDINAIS) | D74: M3 | E74: =40*0.15*0.25 -> 1.5 | F74: =F73 -> 8702.19 | G74: =F74*1.2423 -> 10810.731 | H74: =G74*E74 -> 16216.096 | I74: =H74/$H$81 -> 0.082109534
A75: 5 | B75: CPU | C75: PASSA RODAS DE MADEIRA DE LEI -FORNECIMENTO E INSTLAÇÃO | D75: M3 | E75: =2*6*0.8*0.05 -> 0.48 | F75: =F48 -> 7541.19 | G75: =F75*1.2423 -> 9368.4203 | H75: =G75*E75 -> 4496.8418 | I75: =H75/$H$81 -> 0.022769573
A76: 7209 | B76: ORSE | C76: Guarda-corpo em peça de madeira massaranduba 10 x 10 cm, alt = 1,00m, espaçamento entre as colunas de 1,00m e peça vertical de 10 x 10 cm | D76: M2 | E76: 12 | F76: 553.78 | G76: =F76*1.2423 -> 687.96089 | H76: =G76*E76 -> 8255.5307 | I76: =H76/$H$81 -> 0.04180154
A77: 6 | B77: CPU | C77: PILAR DE MADEIRA DE LEI -FORNECIMENTO E INSTALAÇÃO | D77: M3 | E77: =3*12*0.2*0.25 -> 1.8 | F77: =F74 -> 8702.19 | G77: =F77*1.2423 -> 10810.731 | H77: =G77*E77 -> 19459.315 | I77: =H77/$H$81 -> 0.098531441
A78: 100950 | B78: SINAPI | C78: TRANSPORTE COM CAMINHÃO CARROCERIA COM GUINDAUTO (MUNCK), MOMENTO MÁXIMO DE CARGA 11,7 TM, EM VIA URBANA EM LEITO NATURAL (UNIDADE: TXKM). AF_07/2020 | D78: TXKM | E78: =10*(E71+E72+E73+E74+E75+E77+30*0.1)/2.83 -> 39.222615 | F78: =F68 -> 3.14 | G78: =F78*1.2423 -> 3.900822 | H78: =G78*E78 -> 153.00044 | I78: =H78/$H$81 -> 0.00077471142
C79: Pintura | H79: =H80 -> 836.31636 | I79: =I80 -> 0.0042346535
A80: 102234 | B80: SINAPI | C80: PINTURA IMUNIZANTE PARA MADEIRA, 2 DEMÃOS. AF_01/2021 | D80: M2 | E80: 30 | F80: 22.44 | G80: =F80*1.2423 -> 27.877212 | H80: =G80*E80 -> 836.31636 | I80: =H80/$H$81 -> 0.0042346535
G81: TOTAL | H81: =H57+H62+H70+H79 -> 197493.46 | I81: =I57+I62+I70+I79 -> 1
A83: CPU | B83: 14 | C83: PONTE (8Mx5Mx5M)
C84: Movimento de Terra | H84: =SUM(H85:H88) -> 8889.6398 | I84: =SUM(I85:I88) -> 0.036638382
A85: 96521 | B85: SINAPI | C85: ESCAVAÇÃO MECANIZADA PARA BLOCO DE COROAMENTO OU SAPATA COM RETROESCAVADEIRA (INCLUINDO ESCAVAÇÃO PARA COLOCAÇÃO DE FÔRMAS). AF_06/2017 | D85: M3 | E85: =15*1.5*1.5*1.5+5*0.8*0.8*5 -> 66.625 | F85: 38.15 | G85: =F85*1.2423 -> 47.393745 | H85: =G85*E85 -> 3157.6083 | I85: =H85/$H$108 -> 0.013013987
A86: 94319 | B86: SINAPI | C86: ATERRO MANUAL DE VALAS COM SOLO ARGILO-ARENOSO E COMPACTAÇÃO MECANIZADA. AF_05/2016 | D86: M3 | E86: =E85*0.9 -> 59.9625 | F86: 72.07 | G86: =F86*1.2423 -> 89.532561 | H86: =G86*E86 -> 5368.5962 | I86: =H86/$H$108 -> 0.022126507
A87: 100982 | B87: SINAPI | C87: CARGA, MANOBRA E DESCARGA DE ENTULHO EM CAMINHÃO BASCULANTE 10 M³ - CARGA COM ESCAVADEIRA HIDRÁULICA (CAÇAMBA DE 0,80 M³ / 111 HP) E DESCARGA LIVRE (UNIDADE: M3). AF_07/2020 | D87: M3 | E87: =E85-E86 -> 6.6625 | F87: 7.9 | G87: =F87*1.2423 -> 9.81417 | H87: =G87*E87 -> 65.386908 | I87: =H87/$H$108 -> 0.00026949016
A88: 93588 | B88: SINAPI | C88: TRANSPORTE COM CAMINHÃO BASCULANTE DE 10 M³, EM VIA URBANA EM LEITO NATURAL (UNIDADE: M3XKM). AF_07/2020 | D88: M3XKM | E88: =E87*10*1.3 -> 86.6125 | F88: 2.77 | G88: =F88*1.2423 -> 3.441171 | H88: =G88*E88 -> 298.04842 | I88: =H88/$H$108 -> 0.0012283976
C89: Infraestrutura | H89: =SUM(H90:H96) -> 117435.07 | I89: =SUM(I90:I96) -> 0.48400511
A90: C1293 | B90: SEINFRA | C90: ESTACA DE MADEIRA CONDIÇÕES FAVORÁVEIS D= 25cm P/8 A 10T | D90: M | E90: =15*4*5 -> 300 | F90: 86.47 | G90: =F90*1.2423 -> 107.42168 | H90: =G90*E90 -> 32226.504 | I90: =H90/$H$108 -> 0.13282056
A91: 96535 | B91: SINAPI | C91: FABRICAÇÃO, MONTAGEM E DESMONTAGEM DE FÔRMA PARA SAPATA, EM MADEIRA SERRADA, E=25 MM, 4 UTILIZAÇÕES. AF_06/2017 | D91: M2 | E91: =15*1.5*1.5*2 -> 67.5 | F91: 151.01 | G91: =F91*1.2423 -> 187.59972 | H91: =G91*E91 -> 12662.981 | I91: =H91/$H$108 -> 0.052190095
A92: 96619 | B92: SINAPI | C92: LASTRO DE CONCRETO MAGRO, APLICADO EM BLOCOS DE COROAMENTO OU SAPATAS, ESPESSURA DE 5 CM. AF_08/2017 | D92: M2 | E92: =15*1.5*1.5 -> 33.75 | F92: 29.12 | G92: =F92*1.2423 -> 36.175776 | H92: =G92*E92 -> 1220.9324 | I92: =H92/$H$108 -> 0.0050320362
A93: 102487 | B93: SINAPI | C93: CONCRETO CICLÓPICO FCK = 15MPA, 30% PEDRA DE MÃO EM VOLUME REAL, INCLUSIVE LANÇAMENTO. AF_05/2021 | D93: M3 | E93: =5*0.8*0.8*5 -> 16 | F93: 522.47 | G93: =F93*1.2423 -> 649.06448 | H93: =G93*E93 -> 10385.032 | I93: =H93/$H$108 -> 0.042801594
A94: 104486 | B94: SINAPI | C94: ESTRUTURA DE CONCRETO ARMADO (SAPATAS) | D94: M3 | E94: =15*0.8*0.8*1.5 -> 14.4 | F94: 3307.35 | G94: =F94*1.2423 -> 4108.7209 | H94: =G94*E94 -> 59165.581 | I94: =H94/$H$108 -> 0.24384915
A95: 100950 | B95: SINAPI | C95: TRANSPORTE COM CAMINHÃO CARROCERIA COM GUINDAUTO (MUNCK), MOMENTO MÁXIMO DE CARGA 11,7 TM, EM VIA URBANA EM LEITO NATURAL (UNIDADE: TXKM). AF_07/2020 | D95: TXKM | E95: =(3.14*0.25^2/4*E90)/2.83*10 -> 52.009717 | F95: 3.14 | G95: =F95*1.2423 -> 3.900822 | H95: =G95*E95 -> 202.88065 | I95: =H95/$H$108 -> 0.00083616647
A96: 5940 | B96: SINAPI | C96: PÁ CARREGADEIRA SOBRE RODAS, POTÊNCIA LÍQUIDA 128 HP, CAPACIDADE DA CAÇAMBA 1,7 A 2,8 M3, PESO OPERACIONAL 11632 KG - CHP DIURNO. AF_06/2014 | D96: CHP | E96: 8 | F96: 158.09 | G96: =F96*1.2423 -> 196.39521 | H96: =G96*E96 -> 1571.1617 | I96: =H96/$H$108 -> 0.0064754953
C97: Mesoestrutura e Superestrutura | H97: =SUM(H98:H105) -> 115470.86 | I97: =SUM(I98:I105) -> 0.47590966
A98: 2 | B98: CPU | C98: TABULEIRO DE MADEIRA DE LEI -FORNECIMENTO E INSTALAÇÃO | D98: M3 | E98: =5*8*0.08 -> 3.2 | F98: =COMP!G22 -> 8702.19 | G98: =F98*1.2423 -> 10810.731 | H98: =G98*E98 -> 34594.338 | I98: =H98/$H$108 -> 0.14257952
A99: 3 | B99: CPU | C99: LONGARINA DE MADEIRA DE LEI - FORNECIMMENTO E INSTALAÇÃO | D99: M3 | E99: =8*2*0.2*0.3 -> 0.96 | F99: =F98 -> 8702.19 | G99: =F99*1.2423 -> 10810.731 | H99: =G99*E99 -> 10378.301 | I99: =H99/$H$108 -> 0.042773856
A100: 4 | B100: CPU | C100: TRANSVERSINAS DE MADEIRA DE LEI -FORNECIMENTO E INSTALAÇÃO(CABECEIRAE CENTRAL) | D100: M3 | E100: =5*5*0.2*0.3 -> 1.5 | F100: =F99 -> 8702.19 | G100: =F100*1.2423 -> 10810.731 | H100: =G100*E100 -> 16216.096 | I100: =H100/$H$108 -> 0.06683415
A101: 4 | B101: CPU | C101: TRANSVERSINAS DE MADEIRA DE LEI -FORNECIMENTO E INSTALAÇÃO(LONGITUDINAIS) | D101: M3 | E101: =54*0.15*0.25 -> 2.025 | F101: =F100 -> 8702.19 | G101: =F101*1.2423 -> 10810.731 | H101: =G101*E101 -> 21891.73 | I101: =H101/$H$108 -> 0.090226102
A102: 5 | B102: CPU | C102: PASSA RODAS DE MADEIRA DE LEI -FORNECIMENTO E INSTLAÇÃO | D102: M3 | E102: =2*6*0.8*0.05 -> 0.48 | F102: =COMP!G48 -> 7541.19 | G102: =F102*1.2423 -> 9368.4203 | H102: =G102*E102 -> 4496.8418 | I102: =H102/$H$108 -> 0.018533597
A103: 7209 | B103: ORSE | C103: Guarda-corpo em peça de madeira massaranduba 10 x 10 cm, alt = 1,00m, espaçamento entre as colunas de 1,00m e peça vertical de 10 x 10 cm | D103: M2 | E103: 12 | F103: 553.78 | G103: =F103*1.2423 -> 687.96089 | H103: =G103*E103 -> 8255.5307 | I103: =H103/$H$108 -> 0.03402492
...

Sheet Curva ABC Serviços
A1: ='PO-Analítica'!A1 -> EMPREENDEDOR: PREFEITURA MUNICIPAL DE CENTRO DO GUILHERME-MA
A2: ='PO-Analítica'!A2 -> OBJETO : ESTRADAS VICINAIS-RECUPERAÇÃO
A3: ='PO-Analítica'!A3 -> LOCAL: ESTRADA VICINAL 45 ASSENTAMENTO - CENTRO DO GUILHERME -MA-2,88 KM
C5: Obra
C6: ='Resumo do Orçamento'!B6 -> ESTRADAS VICINAIS-RECUPERAÇÃO-2,88 KM
A7: Curva ABC de Serviços
A8: Código | B8: Banco | C8: Descrição | D8: UND | E8: Quant. | F8: Valor Unit | G8: Total | H8: Peso (%) | I8: Peso Acumulado (%)
A9: 102740 | B9: SINAPI | C9: BOCA PARA BUEIRO SIMPLES TUBULAR D = 100 CM EM CONCRETO, ALAS COM ESCONSIDADE DE 0°, INCLUINDO FÔRMAS E MATERIAIS. AF_07/2021 | D9: UN | E9: 46 | F9: ='PO-Sintético'!H27 -> 6789.8776 | G9: =E9*F9 -> 312334.37 | H9: =G9/$G$16 -> 0.45114868 | I9: =H9 -> 0.45114868
A10: 93589 | B10: SINAPI | C10: TRANSPORTE COM CAMINHÃO BASCULANTE DE 10 M³, EM VIA URBANA EM LEITO NATURAL (UNIDADE: M3XKM). AF_07/2020 | D10: M3XKM | E10: ='PO-Sintético'!F21*2 -> 44928 | F10: ='PO-Sintético'!H24 -> 3.366633 | G10: =E10*F10 -> 151256.09 | H10: =G10/$G$16 -> 0.21848055 | I10: =H10+I9 -> 0.66962923
A11: 101230 | B11: SINAPI | C11: ESCAVAÇÃO VERTICAL PARA INFRAESTRUTURA, COM CARGA, DESCARGA E TRANSPORTE DE SOLO DE 1ª CATEGORIA, COM ESCAVADEIRA HIDRÁULICA (CAÇAMBA: 0,8 M³ / 111 HP), FROTA DE 3 CAMINHÕES BASCULANTES DE 14 M³, DMT ATÉ 1 KM E VELOCIDADE MÉDIA14 KM/H. AF_05/2020 | D11: M3 | E11: ='PO-Sintético'!F20*2 -> 6912 | F11: ='PO-Sintético'!H23 -> 13.590762 | G11: =E11*F11 -> 93939.347 | H11: =G11/$G$16 -> 0.13568988 | I11: =H11+I10 -> 0.80531911
A12: 9 | B12: CPU | C12: CORPO DE BUEIRO BSTC CA1 DN 1,0 M | D12: M | E12: 120 | F12: ='PO-Sintético'!H29 -> 681.04128 | G12: =E12*F12 -> 81724.954 | H12: =G12/$G$16 -> 0.1180469 | I12: =H12+I11 -> 0.92336601
A13: 96388 | B13: SINAPI | C13: EXECUÇÃO E COMPACTAÇÃO DE BASE E OU SUB BASE PARA PAVIMENTAÇÃO DE SOLOS DE COMPORTAMENTO LATERÍTICO (ARENOSO) - EXCLUSIVE SOLO, ESCAVAÇÃO, CARGA E TRANSPORTE. AF_11/2019 | D13: M3 | E13: ='PO-Sintético'!F25 -> 3456 | F13: ='PO-Sintético'!H25 -> 14.78337 | G13: =E13*F13 -> 51091.327 | H13: =G13/$G$16 -> 0.073798426 | I13: =H13+I12 -> 0.99716444
A14: 99064 | B14: SINAPI | C14: LOCAÇÃO DE PAVIMENTAÇÃO. AF_10/2018 | D14: M | E14: ='PO-Sintético'!F19 -> 2880 | F14: ='PO-Sintético'!H19 -> 0.534189 | G14: =E14*F14 -> 1538.4643 | H14: =G14/$G$16 -> 0.0022222215 | I14: =H14+I13 -> 0.99938666
A15: C4364 | B15: SEINFRA | C15: LIMPEZA DE BUEIRO, INCLUINDO A RETIRADA DOS ENTULHOS BEM COMO A ROÇADA E LIMPEZA GERAL DAS BOCAS | D15: M | E15: 18 | F15: 23.59 | G15: =E15*F15 -> 424.62 | H15: =G15/$G$16 -> 0.00061333869 | I15: =H15+I14 -> 1
F16: TOTAL | G16: =SUM(G9:G15) -> 692309.17 | H16: =SUM(H9:H15) -> 1
E19: =SUBTOTAL(9,E9:E18) -> 58360 | G19: ='Resumo do Orçamento'!G17-'Curva ABC Serviços'!G16 -> 104682.64
A24: {=UPPER([2]!VExtenso(G22))} -> #NAME?

Sheet Cronograma
A1: ='PO-Analítica'!A1 -> EMPREENDEDOR: PREFEITURA MUNICIPAL DE CENTRO DO GUILHERME-MA
A2: ='PO-Analítica'!A2 -> OBJETO : ESTRADAS VICINAIS-RECUPERAÇÃO
A3: ='PO-Analítica'!A3 -> LOCAL: ESTRADA VICINAL 45 ASSENTAMENTO - CENTRO DO GUILHERME -MA-2,88 KM
B5: Obra | C5: Bancos | D5: B.D.I. | F5: Encargos Sociais
B6: ='Resumo do Orçamento'!B6 -> ESTRADAS VICINAIS-RECUPERAÇÃO-2,88 KM | C6: ='Resumo do Orçamento'!C6 -> SINAPI - 10/2023 - Maranhão ORSE 10/2023 - Sergipe SEINFRA - 027 - Ceará | D6: 24,23% | F6: Não Desonerado: Horista: 114,05% Mensalista: 71,35%
A7: Cronograma Físico e Financeiro
A8: Item | B8: Descrição | C8: Total Por Etapa | D8: 30 DIAS | E8: 60 DIAS | F8: 90 DIAS | G8: 120 DIAS | H8: TOTAL
A9: 1 | B9: Serviços Preliminares | C9: ='PO-Sintético'!I9 -> 58748.079 | D9: =C9 -> 58748.079 | H9: =SUM(D9:G9) -> 58748.079
A10: 2 | B10: Administração da Obra | C10: ='PO-Sintético'!I13 -> 45934.539 | D10: =$C$10/4 -> 11483.635 | E10: =$C$10/4 -> 11483.635 | F10: =$C$10/4 -> 11483.635 | G10: =$C$10/4 -> 11483.635 | H10: =SUM(D10:G10) -> 45934.539
A11: 3 | B11: ='Resumo do Orçamento'!B11:G11 -> REVESTIMENTO PRIMARIO | C11: ='PO-Sintético'!I18 -> 124136.18 | D11: =$C$11/4 -> 31034.045 | E11: =$C$11/4 -> 31034.045 | F11: =$C$11/4 -> 31034.045 | G11: =$C$11/4 -> 31034.045 | H11: =SUM(D11:G11) -> 124136.18
A12: 4 | B12: ='PO-Sintético'!D22 -> TERRAPLENAGEM | C12: ='PO-Sintético'!I22 -> 173689.04 | D12: =$C$12/4 -> 43422.261 | E12: =$C$12/4 -> 43422.261 | F12: =$C$12/4 -> 43422.261 | G12: =$C$12/4 -> 43422.261 | H12: =SUM(D12:G12) -> 173689.04
A13: 5 | B13: ='PO-Sintético'!D26 -> OBRAS DE ARTE CORRENTE | C13: ='PO-Sintético'!I26 -> 394483.97 | D13: =$C$13/4 -> 98620.992 | E13: =$C$13/4 -> 98620.992 | F13: =$C$13/4 -> 98620.992 | G13: =$C$13/4 -> 98620.992 | H13: =SUM(D13:G13) -> 394483.97
B14: TOTAL | C14: =SUM(C9:C13) -> 796991.81 | D14: =SUM(D9:D13) -> 243309.01 | E14: =SUM(E9:E13) -> 184560.93 | F14: =SUM(F9:F13) -> 184560.93 | G14: =SUM(G9:G13) -> 184560.93 | H14: =SUM(D14:G14) -> 796991.81
C15: PORCENTAGEM | D15: =D14/$C$14 -> 0.30528421 | E15: =E14/$C$14 -> 0.23157193 | F15: =F14/$C$14 -> 0.23157193 | G15: =G14/$C$14 -> 0.23157193
C16: PORCENTAGEM ACUMULADA | D16: =D15 -> 0.30528421 | E16: =D16+E15 -> 0.53685614 | F16: =F15+E16 -> 0.76842807 | G16: =G15+F16 -> 1
C17: CUSTO ACUMULADO | D17: =D14 -> 243309.01 | E17: =E14+D17 -> 427869.94 | F17: =F14+E17 -> 612430.88 | G17: =G14+F17 -> 796991.81

Sheet Memoria de Calculo
A1: ='PO-Sintético'!$A$1 -> EMPREENDEDOR: PREFEITURA MUNICIPAL DE CENTRO DO GUILHERME-MA
A2: ='PO-Sintético'!$A$2 -> OBJETO : ESTRADAS VICINAIS-RECUPERAÇÃO
A3: ='PO-Sintético'!$A$3 -> LOCAL: ESTRADA VICINAL 45 ASSENTAMENTO - CENTRO DO GUILHERME -MA-2,88 KM
A6: MEMORIA DE CÁLCULO
A7: Descrição | B7: Und | C7: Quant. | D7: QUANTIDADE
A9: Serviços Preliminares
A10: Placa de obra em chapa aço galvanizado, instalada | B10: m² | C10: 6 | D10: 6
A11: EXECUÇÃO DE DEPÓSITO EM CANTEIRO DE OBRA EM CHAPA DE MADEIRA COMPENSADA, NÃO INCLUSO MOBILIÁRIO. AF_04/2016 | B11: M2 | C11: 20 | D11: 20
A12: MOBILIZAÇÃO E DESMOBILIZAÇÃO DE EQUIPAMENTOS | B12: UN | C12: 2 | D12: 2
A13: Administração da Obra | C13: 30
A14: ENGENHEIRO CIVIL DE OBRA PLENO COM ENCARGOS COMPLEMENTARES | B14: H | D14: 220
A15: ENCARREGADO GERAL COM ENCARGOS COMPLEMENTARES | B15: H | C15: 220 | D15: 220
A16: VIGIA NOTURNO COM ENCARGOS COMPLEMENTARES | B16: H | C16: 220 | D16: 220
C17: 220
A18: REVESTIMENTO PRIMARIO
A19: LOCAÇÃO DE PAVIMENTAÇÃO. AF_10/2018 | B19: M | C19: 7843 | D19: 2880
A20: ESCAVAÇÃO VERTICAL PARA INFRAESTRUTURA, COM CARGA, DESCARGA E TRANSPORTE DE SOLO DE 1ª CATEGORIA, COM ESCAVADEIRA HIDRÁULICA (CAÇAMBA: 0,8 M³ / 111 HP), FROTA DE 3 CAMINHÕES BASCULANTES DE 14 M³, DMT ATÉ 1 KM E VELOCIDADE MÉDIA14 KM/H. AF_05/2020 | B20: M3 | C20: 7843 | D20: =D19*0.2*6 -> 3456
A21: TRANSPORTE COM CAMINHÃO BASCULANTE DE 10 M³, EM VIA URBANA EM LEITO NATURAL (UNIDADE: M3XKM). AF_07/2020 | B21: M3XKM | C21: 47058 | D21: =D20*1.3*5 -> 22464
A22: TERRAPLENAGEM
A23: ESCAVAÇÃO VERTICAL PARA INFRAESTRUTURA, COM CARGA, DESCARGA E TRANSPORTE DE SOLO DE 1ª CATEGORIA, COM ESCAVADEIRA HIDRÁULICA (CAÇAMBA: 0,8 M³ / 111 HP), FROTA DE 3 CAMINHÕES BASCULANTES DE 14 M³, DMT ATÉ 1 KM E VELOCIDADE MÉDIA14 KM/H. AF_05/2020 | B23: M3 | C23: 7843 | D23: =D20 -> 3456
A24: TRANSPORTE COM CAMINHÃO BASCULANTE DE 10 M³, EM VIA URBANA EM LEITO NATURAL (UNIDADE: M3XKM). AF_07/2020 | B24: M3XKM | C24: 47058 | D24: =D21 -> 22464
A25: EXECUÇÃO E COMPACTAÇÃO DE BASE E OU SUB BASE PARA PAVIMENTAÇÃO DE SOLOS DE COMPORTAMENTO LATERÍTICO (ARENOSO) - EXCLUSIVE SOLO, ESCAVAÇÃO, CARGA E TRANSPORTE. AF_11/2019 | B25: M3 | C25: 7843 | D25: =D23 -> 3456
A27: OBRAS DE ARTE CORRENTE
A28: BOCA PARA BUEIRO SIMPLES TUBULAR D = 60 CM EM CONCRETO, ALAS COM ESCONSIDADE DE 0°, INCLUINDO FÔRMAS E MATERIAIS. AF_07/2021 | B28: UN | D28: 46
A29: ='PO-Sintético'!D28 -> LIMPEZA DE BUEIRO, INCLUINDO A RETIRADA DOS ENTULHOS BEM COMO A ROÇADA E LIMPEZA GERAL DAS BOCAS | B29: M | D29: 18
A30: CORPO DE BUEIRO BSTC CA1 DN 0,6 M | B30: M | D30: =20*6 -> 120

Sheet PO-Analítica
A1: ='PO-Sintético'!A1 -> EMPREENDEDOR: PREFEITURA MUNICIPAL DE CENTRO DO GUILHERME-MA
A2: ='PO-Sintético'!A2 -> OBJETO : ESTRADAS VICINAIS-RECUPERAÇÃO
A3: ='PO-Sintético'!A3 -> LOCAL: ESTRADA VICINAL 45 ASSENTAMENTO - CENTRO DO GUILHERME -MA-2,88 KM
C5: Obra | E5: Bancos | G5: B.D.I. | I5: Encargos Sociais
C6: Reforma de Ponte de Madeira / Pov. Benedito Mendes (L=4,5M x C= 8,00 x A =2,60M) | E6: SINAPI - 08/2021 - Maranhão SICRO3 - 04/2021 - Maranhão ORSE - 08/2021 - Sergipe SEINFRA - 027 - Ceará | G6: 24,23% | I6: Não Desonerado: Horista: 115,66% Mensalista: 73,48%
A7: Planilha Orçamentária Analítica
A8: 1 | D8: Serviços Preliminares | J8: 13553.82
A9: 1.1 | B9: Código | C9: Banco | D9: Descrição | E9: Tipo | G9: Und | H9: Quant. | I9: Valor Unit | J9: Total
A10: Composição | B10: 51 | C10: ORSE | D10: Placa de obra em chapa aço galvanizado, instalada | E10: Mobilização / Instalações Provisórias / Desmobilização | G10: m² | H10: 1 | I10: 355.4 | J10: 355.4
A11: Composição Auxiliar | B11: 10549 | C11: ORSE | D11: Encargos Complementares - Servente | E11: Provisórios | G11: h | H11: 2 | I11: 3.5 | J11: 7
A12: Composição Auxiliar | B12: 10551 | C12: ORSE | D12: Encargos Complementares - Carpinteiro | E12: Provisórios | G12: h | H12: 1 | I12: 3.41 | J12: 3.41
A13: Insumo | B13: 1569 | C13: ORSE | D13: Madeira mista serrada (barrote) 6 x 6cm - 0,0036 m3/m (angelim, louro) | E13: Material | G13: m | H13: 4 | I13: 10.39 | J13: 41.56
A14: Insumo | B14: 1776 | C14: ORSE | D14: Placa de obra em chapa galvanizada 26 | E14: Material | G14: m² | H14: 1 | I14: 257.21 | J14: 257.21
A15: Insumo | B15: 6995 | C15: ORSE | D15: Madeira mista serrada (sarrafo) 2,2 x 5,5cm - 0,00121 m³/m | E15: Material | G15: m | H15: 1 | I15: 3.99 | J15: 3.99
A16: Insumo | B16: 00001213 | C16: SINAPI | D16: CARPINTEIRO DE FORMAS | E16: Mão de Obra | G16: H | H16: 1 | I16: 16.39 | J16: 16.39
A17: Insumo | B17: 00005075 | C17: SINAPI | D17: PREGO DE ACO POLIDO COM CABECA 18 X 30 (2 3/4 X 10) | E17: Material | G17: KG | H17: 0.15 | I17: 18.31 | J17: 2.74
A18: Insumo | B18: 00006111 | C18: SINAPI | D18: SERVENTE DE OBRAS | E18: Mão de Obra | G18: H | H18: 2 | I18: 11.55 | J18: 23.1
E19: MO sem LS => | F19: 18.311231 | G19: LS => | H19: 21.18 | I19: MO com LS => | J19: 39.49
E20: Valor do BDI => | F20: 86.11 | H20: Valor com BDI => | J20: 441.51
G21: Quant. => | H21: 6 | I21: Preço Total => | J21: 2649.06
A23: 1.2 | B23: Código | C23: Banco | D23: Descrição | E23: Tipo | G23: Und | H23: Quant. | I23: Valor Unit | J23: Total
A24: Composição | B24: 01 | C24: Próprio | D24: MOBILIZAÇÃO E DESMOBILIZAÇÃO DE EQUIPAMENTOS | E24: SERP - SERVIÇOS PRELIMINARES | G24: UN | H24: 1 | I24: 6978.24 | J24: 6978.24
A25: Composição Auxiliar | B25: 91395 | C25: SINAPI | D25: CAMINHÃO TOCO, PBT 14.300 KG, CARGA ÚTIL MÁX. 9.710 KG, DIST. ENTRE EIXOS 3,56 M, POTÊNCIA 185 CV, INCLUSIVE CARROCERIA FIXA ABERTA DE MADEIRA P/ TRANSPORTE GERAL DE CARGA SECA, DIMEN. APROX. 2,50 X 6,50 X 0,50 M - CHI DIURNO. AF_06/2014 | E25: CHOR - CUSTOS HORÁRIOS DE MÁQUINAS E EQUIPAMENTOS | G25: CHI | H25: 8 | I25: 40.06 | J25: 320.48
A26: Composição Auxiliar | B26: 91395 | C26: SINAPI | D26: CAMINHÃO TOCO, PBT 14.300 KG, CARGA ÚTIL MÁX. 9.710 KG, DIST. ENTRE EIXOS 3,56 M, POTÊNCIA 185 CV, INCLUSIVE CARROCERIA FIXA ABERTA DE MADEIRA P/ TRANSPORTE GERAL DE CARGA SECA, DIMEN. APROX. 2,50 X 6,50 X 0,50 M - CHI DIURNO. AF_06/2014 | E26: CHOR - CUSTOS HORÁRIOS DE MÁQUINAS E EQUIPAMENTOS | G26: CHI | H26: 8 | I26: 40.06 | J26: 320.48
A27: Composição Auxiliar | B27: 91387 | C27: SINAPI | D27: CAMINHÃO BASCULANTE 10 M3, TRUCADO CABINE SIMPLES, PESO BRUTO TOTAL 23.000 KG, CARGA ÚTIL MÁXIMA 15.935 KG, DISTÂNCIA ENTRE EIXOS 4,80 M, POTÊNCIA 230 CV INCLUSIVE CAÇAMBA METÁLICA - CHI DIURNO. AF_06/2014 | E27: CHOR - CUSTOS HORÁRIOS DE MÁQUINAS E EQUIPAMENTOS | G27: CHI | H27: 8 | I27: 48.95 | J27: 391.6
A28: Composição Auxiliar | B28: 5903 | C28: SINAPI | D28: CAMINHÃO PIPA 10.000 L TRUCADO, PESO BRUTO TOTAL 23.000 KG, CARGA ÚTIL MÁXIMA 15.935 KG, DISTÂNCIA ENTRE EIXOS 4,8 M, POTÊNCIA 230 CV, INCLUSIVE TANQUE DE AÇO PARA TRANSPORTE DE ÁGUA - CHI DIURNO. AF_06/2014 | E28: CHOR - CUSTOS HORÁRIOS DE MÁQUINAS E EQUIPAMENTOS | G28: CHI | H28: 8 | I28: 47.06 | J28: 376.48
A29: Composição Auxiliar | B29: 5942 | C29: SINAPI | D29: PÁ CARREGADEIRA SOBRE RODAS, POTÊNCIA LÍQUIDA 128 HP, CAPACIDADE DA CAÇAMBA 1,7 A 2,8 M3, PESO OPERACIONAL 11632 KG - CHI DIURNO. AF_06/2014 | E29: CHOR - CUSTOS HORÁRIOS DE MÁQUINAS E EQUIPAMENTOS | G29: CHI | H29: 8 | I29: 54.81 | J29: 438.48
A30: Composição Auxiliar | B30: 5845 | C30: SINAPI | D30: TRATOR DE PNEUS, POTÊNCIA 122 CV, TRAÇÃO 4X4, PESO COM LASTRO DE 4.510 KG - CHI DIURNO. AF_06/2014 | E30: CHOR - CUSTOS HORÁRIOS DE MÁQUINAS E EQUIPAMENTOS | G30: CHI | H30: 8 | I30: 36.62 | J30: 292.96
A31: Composição Auxiliar | B31: 5934 | C31: SINAPI | D31: MOTONIVELADORA POTÊNCIA BÁSICA LÍQUIDA (PRIMEIRA MARCHA) 125 HP, PESO BRUTO 13032 KG, LARGURA DA LÂMINA DE 3,7 M - CHI DIURNO. AF_06/2014 | E31: CHOR - CUSTOS HORÁRIOS DE MÁQUINAS E EQUIPAMENTOS | G31: CHI | H31: 8 | I31: 64.86 | J31: 518.88
A32: Composição Auxiliar | B32: 89883 | C32: SINAPI | D32: CAMINHÃO BASCULANTE 18 M3, COM CAVALO MECÂNICO DE CAPACIDADE MÁXIMA DE TRAÇÃO COMBINADO DE 45000 KG, POTÊNCIA 330 CV, INCLUSIVE SEMIREBOQUE COM CAÇAMBA METÁLICA - CHP DIURNO. AF_12/2014 | E32: CHOR - CUSTOS HORÁRIOS DE MÁQUINAS E EQUIPAMENTOS | G32: CHP | H32: 16 | I32: 269.93 | J32: 4318.88
E33: MO sem LS => | F33: 600.01855 | G33: LS => | H33: 693.98 | I33: MO com LS => | J33: 1294
E34: Valor do BDI => | F34: 1690.82 | H34: Valor com BDI => | J34: 8669.06
G35: Quant. => | H35: 1 | I35: Preço Total => | J35: 8669.06
A37: 1.3 | B37: Código | C37: Banco | D37: Descrição | E37: Tipo | G37: Und | H37: Quant. | I37: Valor Unit | J37: Total
A38: Composição | B38: 98459 | C38: SINAPI | D38: TAPUME COM TELHA METÁLICA. AF_05/2018 | E38: CANT - CANTEIRO DE OBRAS | G38: m² | H38: 1 | I38: 113.63 | J38: 113.63
A39: Composição Auxiliar | B39: 91692 | C39: SINAPI | D39: SERRA CIRCULAR DE BANCADA COM MOTOR ELÉTRICO POTÊNCIA DE 5HP, COM COIFA PARA DISCO 10" - CHP DIURNO. AF_08/2015 | E39: CHOR - CUSTOS HORÁRIOS DE MÁQUINAS E EQUIPAMENTOS | G39: CHP | H39: 0.0044 | I39: 19.98 | J39: 0.08
A40: Composição Auxiliar | B40: 91693 | C40: SINAPI | D40: SERRA CIRCULAR DE BANCADA COM MOTOR ELÉTRICO POTÊNCIA DE 5HP, COM COIFA PARA DISCO 10" - CHI DIURNO. AF_08/2015 | E40: CHOR - CUSTOS HORÁRIOS DE MÁQUINAS E EQUIPAMENTOS | G40: CHI | H40: 0.0191 | I40: 17.65 | J40: 0.33
A41: Composição Auxiliar | B41: 94974 | C41: SINAPI | D41: CONCRETO MAGRO PARA LASTRO, TRAÇO 1:4,5:4,5 (EM MASSA SECA DE CIMENTO/ AREIA MÉDIA/ BRITA 1) - PREPARO MANUAL. AF_05/2021 | E41: FUES - FUNDAÇÕES E ESTRUTURAS | G41: m³ | H41: 0.0012 | I41: 316.8 | J41: 0.38
A42: Composição Auxiliar | B42: 88239 | C42: SINAPI | D42: AJUDANTE DE CARPINTEIRO COM ENCARGOS COMPLEMENTARES | E42: SEDI - SERVIÇOS DIVERSOS | G42: H | H42: 0.1897 | I42: 15.62 | J42: 2.96
A43: Composição Auxiliar | B43: 88262 | C43: SINAPI | D43: CARPINTEIRO DE FORMAS COM ENCARGOS COMPLEMENTARES | E43: SEDI - SERVIÇOS DIVERSOS | G43: H | H43: 0.5691 | I43: 19.12 | J43: 10.88
A44: Insumo | B44: 00004433 | C44: SINAPI | D44: CAIBRO NAO APARELHADO *7,5 X 7,5* CM, EM MACARANDUBA, ANGELIM OU EQUIVALENTE DA REGIAO - BRUTA | E44: Material | G44: M | H44: 1.2273 | I44: 23.46 | J44: 28.79
A45: Insumo | B45: 00005061 | C45: SINAPI | D45: PREGO DE ACO POLIDO COM CABECA 18 X 27 (2 1/2 X 10) | E45: Material | G45: KG | H45: 0.0428 | I45: 18 | J45: 0.77
A46: Insumo | B46: 00003992 | C46: SINAPI | D46: TABUA APARELHADA *2,5 X 30* CM, EM MACARANDUBA, ANGELIM OU EQUIVALENTE DA REGIAO | E46: Material | G46: M | H46: 1 | I46: 27.84 | J46: 27.84
A47: Insumo | B47: 00007243 | C47: SINAPI | D47: TELHA TRAPEZOIDAL EM ACO ZINCADO, SEM PINTURA, ALTURA DE APROXIMADAMENTE 40 MM, ESPESSURA DE 0,50 MM E LARGURA UTIL DE 980 MM | E47: Material | G47: m² | H47: 0.5853 | I47: 71.08 | J47: 41.6
E48: MO sem LS => | F48: 5.7034221 | G48: LS => | H48: 6.6 | I48: MO com LS => | J48: 12.3
E49: Valor do BDI => | F49: 27.53 | H49: Valor com BDI => | J49: 141.16
G50: Quant. => | H50: 12.5 | I50: Preço Total => | J50: 1764.5
A52: 1.4 | B52: Código | C52: Banco | D52: Descrição | E52: Tipo | G52: Und | H52: Quant. | I52: Valor Unit | J52: Total
A53: Composição | B53: 98525 | C53: SINAPI | D53: LIMPEZA MECANIZADA DE CAMADA VEGETAL, VEGETAÇÃO E PEQUENAS ÁRVORES (DIÂMETRO DE TRONCO MENOR QUE 0,20 M), COM TRATOR DE ESTEIRAS.AF_05/2018 | E53: URBA - URBANIZAÇÃO | G53: m² | H53: 1 | I53: 0.28 | J53: 0.28
A54: Composição Auxiliar | B54: 89032 | C54: SINAPI | D54: TRATOR DE ESTEIRAS, POTÊNCIA 100 HP, PESO OPERACIONAL 9,4 T, COM LÂMINA 2,19 M3 - CHP DIURNO. AF_06/2014 | E54: CHOR - CUSTOS HORÁRIOS DE MÁQUINAS E EQUIPAMENTOS | G54: CHP | H54: 0.0006 | I54: 135.3 | J54: 0.08
A55: Composição Auxiliar | B55: 89031 | C55: SINAPI | D55: TRATOR DE ESTEIRAS, POTÊNCIA 100 HP, PESO OPERACIONAL 9,4 T, COM LÂMINA 2,19 M3 - CHI DIURNO. AF_06/2014 | E55: CHOR - CUSTOS HORÁRIOS DE MÁQUINAS E EQUIPAMENTOS | G55: CHI | H55: 0.0024 | I55: 46.8 | J55: 0.11
A56: Composição Auxiliar | B56: 88316 | C56: SINAPI | D56: SERVENTE COM ENCARGOS COMPLEMENTARES | E56: SEDI - SERVIÇOS DIVERSOS | G56: H | H56: 0.003 | I56: 14.31 | J56: 0.04
A57: Composição Auxiliar | B57: 88441 | C57: SINAPI | D57: JARDINEIRO COM ENCARGOS COMPLEMENTARES | E57: SEDI - SERVIÇOS DIVERSOS | G57: H | H57: 0.003 | I57: 18.6 | J57: 0.05
E58: MO sem LS => | F58: 0.055643142 | G58: LS => | H58: 0.06 | I58: MO com LS => | J58: 0.12
E59: Valor do BDI => | F59: 0.06 | H59: Valor com BDI => | J59: 0.34
G60: Quant. => | H60: 80 | I60: Preço Total => | J60: 27.2
A62: 1.5 | B62: Código | C62: Banco | D62: Descrição | E62: Tipo | G62: Und | H62: Quant. | I62: Valor Unit | J62: Total
A63: Composição | B63: 100982 | C63: SINAPI | D63: CARGA, MANOBRA E DESCARGA DE ENTULHO EM CAMINHÃO BASCULANTE 10 M³ - CARGA COM ESCAVADEIRA HIDRÁULICA (CAÇAMBA DE 0,80 M³ / 111 HP) E DESCARGA LIVRE (UNIDADE: M3). AF_07/2020 | E63: TRAN - TRANSPORTES, CARGAS E DESCARGAS | G63: m³ | H63: 1 | I63: 6.6 | J63: 6.6
A64: Composição Auxiliar | B64: 5631 | C64: SINAPI | D64: ESCAVADEIRA HIDRÁULICA SOBRE ESTEIRAS, CAÇAMBA 0,80 M3, PESO OPERACIONAL 17 T, POTENCIA BRUTA 111 HP - CHP DIURNO. AF_06/2014 | E64: CHOR - CUSTOS HORÁRIOS DE MÁQUINAS E EQUIPAMENTOS | G64: CHP | H64: 0.0083 | I64: 153.03 | J64: 1.27
A65: Composição Auxiliar | B65: 91386 | C65: SINAPI | D65: CAMINHÃO BASCULANTE 10 M3, TRUCADO CABINE SIMPLES, PESO BRUTO TOTAL 23.000 KG, CARGA ÚTIL MÁXIMA 15.935 KG, DISTÂNCIA ENTRE EIXOS 4,80 M, POTÊNCIA 230 CV INCLUSIVE CAÇAMBA METÁLICA - CHP DIURNO. AF_06/2014 | E65: CHOR - CUSTOS HORÁRIOS DE MÁQUINAS E EQUIPAMENTOS | G65: CHP | H65: 0.0198 | I65: 203.53 | J65: 4.02
A66: Composição Auxiliar | B66: 91387 | C66: SINAPI | D66: CAMINHÃO BASCULANTE 10 M3, TRUCADO CABINE SIMPLES, PESO BRUTO TOTAL 23.000 KG, CARGA ÚTIL MÁXIMA 15.935 KG, DISTÂNCIA ENTRE EIXOS 4,80 M, POTÊNCIA 230 CV INCLUSIVE CAÇAMBA METÁLICA - CHI DIURNO. AF_06/2014 | E66: CHOR - CUSTOS HORÁRIOS DE MÁQUINAS E EQUIPAMENTOS | G66: CHI | H66: 0.0138 | I66: 48.95 | J66: 0.67
A67: Composição Auxiliar | B67: 5632 | C67: SINAPI | D67: ESCAVADEIRA HIDRÁULICA SOBRE ESTEIRAS, CAÇAMBA 0,80 M3, PESO OPERACIONAL 17 T, POTENCIA BRUTA 111 HP - CHI DIURNO. AF_06/2014 | E67: CHOR - CUSTOS HORÁRIOS DE MÁQUINAS E EQUIPAMENTOS | G67: CHI | H67: 0.0105 | I67: 61.49 | J67: 0.64
E68: MO sem LS => | F68: 0.43123435 | G68: LS => | H68: 0.5 | I68: MO com LS => | J68: 0.93
E69: Valor do BDI => | F69: 1.59 | H69: Valor com BDI => | J69: 8.19
G70: Quant. => | H70: 40 | I70: Preço Total => | J70: 327.6
A72: 1.6 | B72: Código | C72: Banco | D72: Descrição | E72: Tipo | G72: Und | H72: Quant. | I72: Valor Unit | J72: Total
A73: Composição | B73: 93588 | C73: SINAPI | D73: TRANSPORTE COM CAMINHÃO BASCULANTE DE 10 M³, EM VIA URBANA EM LEITO NATURAL (UNIDADE: M3XKM). AF_07/2020 | E73: TRAN - TRANSPORTES, CARGAS E DESCARGAS | G73: M3XKM | H73: 1 | I73: 2.35 | J73: 2.35
A74: Composição Auxiliar | B74: 91386 | C74: SINAPI | D74: CAMINHÃO BASCULANTE 10 M3, TRUCADO CABINE SIMPLES, PESO BRUTO TOTAL 23.000 KG, CARGA ÚTIL MÁXIMA 15.935 KG, DISTÂNCIA ENTRE EIXOS 4,80 M, POTÊNCIA 230 CV INCLUSIVE CAÇAMBA METÁLICA - CHP DIURNO. AF_06/2014 | E74: CHOR - CUSTOS HORÁRIOS DE MÁQUINAS E EQUIPAMENTOS | G74: CHP | H74: 0.0105 | I74: 203.53 | J74: 2.13
A75: Composição Auxiliar | B75: 91387 | C75: SINAPI | D75: CAMINHÃO BASCULANTE 10 M3, TRUCADO CABINE SIMPLES, PESO BRUTO TOTAL 23.000 KG, CARGA ÚTIL MÁXIMA 15.935 KG, DISTÂNCIA ENTRE EIXOS 4,80 M, POTÊNCIA 230 CV INCLUSIVE CAÇAMBA METÁLICA - CHI DIURNO. AF_06/2014 | E75: CHOR - CUSTOS HORÁRIOS DE MÁQUINAS E EQUIPAMENTOS | G75: CHI | H75: 0.0045 | I75: 48.95 | J75: 0.22
E76: MO sem LS => | F76: 0.11128628 | G76: LS => | H76: 0.13 | I76: MO com LS => | J76: 0.24
E77: Valor do BDI => | F77: 0.56 | H77: Valor com BDI => | J77: 2.91
G78: Quant. => | H78: 40 | I78: Preço Total => | J78: 116.4
A80: 2 | D80: Administração da Obra | J80: 15165.02
A81: 2.1 | B81: Código | C81: Banco | D81: Descrição | E81: Tipo | G81: Und | H81: Quant. | I81: Valor Unit | J81: Total
A82: Composição | B82: 90778 | C82: SINAPI | D82: ENGENHEIRO CIVIL DE OBRA PLENO COM ENCARGOS COMPLEMENTARES | E82: SEDI - SERVIÇOS DIVERSOS | G82: H | H82: 1 | I82: 106.52 | J82: 106.52
A83: Composição Auxiliar | B83: 95403 | C83: SINAPI | D83: CURSO DE CAPACITAÇÃO PARA ENGENHEIRO CIVIL DE OBRA PLENO (ENCARGOS COMPLEMENTARES) - HORISTA | E83: SEDI - SERVIÇOS DIVERSOS | G83: H | H83: 1 | I83: 1.09 | J83: 1.09
A84: Insumo | B84: 00002707 | C84: SINAPI | D84: ENGENHEIRO CIVIL DE OBRA PLENO | E84: Mão de Obra | G84: H | H84: 1 | I84: 104.31 | J84: 104.31
A85: Insumo | B85: 00043486 | C85: SINAPI | D85: EPI - FAMILIA ENGENHEIRO CIVIL - HORISTA (ENCARGOS COMPLEMENTARES - COLETADO CAIXA) | E85: Equipamento | G85: H | H85: 1 | I85: 0.55 | J85: 0.55
A86: Insumo | B86: 00037372 | C86: SINAPI | D86: EXAMES - HORISTA (COLETADO CAIXA) | E86: Outros | G86: H | H86: 1 | I86: 0.55 | J86: 0.55
A87: Insumo | B87: 00043462 | C87: SINAPI | D87: FERRAMENTAS - FAMILIA ENGENHEIRO CIVIL - HORISTA (ENCARGOS COMPLEMENTARES - COLETADO CAIXA) | E87: Equipamento | G87: H | H87: 1 | I87: 0.01 | J87: 0.01
A88: Insumo | B88: 00037373 | C88: SINAPI | D88: SEGURO - HORISTA (COLETADO CAIXA) | E88: Taxas | G88: H | H88: 1 | I88: 0.01 | J88: 0.01
E89: MO sem LS => | F89: 48.873226 | G89: LS => | H89: 56.53 | I89: MO com LS => | J89: 105.4
E90: Valor do BDI => | F90: 25.8 | H90: Valor com BDI => | J90: 132.32
G91: Quant. => | H91: 40 | I91: Preço Total => | J91: 5292.8
A93: 2.2 | B93: Código | C93: Banco | D93: Descrição | E93: Tipo | G93: Und | H93: Quant. | I93: Valor Unit | J93: Total
A94: Composição | B94: 93584 | C94: SINAPI | D94: EXECUÇÃO DE DEPÓSITO EM CANTEIRO DE OBRA EM CHAPA DE MADEIRA COMPENSADA, NÃO INCLUSO MOBILIÁRIO. AF_04/2016 | E94: CANT - CANTEIRO DE OBRAS | G94: m² | H94: 1 | I94: 780.08 | J94: 780.08
A95: Composição Auxiliar | B95: 98441 | C95: SINAPI | D95: PAREDE DE MADEIRA COMPENSADA PARA CONSTRUÇÃO TEMPORÁRIA EM CHAPA SIMPLES, EXTERNA, COM ÁREA LÍQUIDA MAIOR OU IGUAL A 6 M², SEM VÃO. AF_05/2018 | E95: CANT - CANTEIRO DE OBRAS | G95: m² | H95: 0.5136 | I95: 123.74 | J95: 63.55
A96: Composição Auxiliar | B96: 98442 | C96: SINAPI | D96: PAREDE DE MADEIRA COMPENSADA PARA CONSTRUÇÃO TEMPORÁRIA EM CHAPA SIMPLES, EXTERNA, COM ÁREA LÍQUIDA MENOR QUE 6 M², SEM VÃO. AF_05/2018 | E96: CANT - CANTEIRO DE OBRAS | G96: m² | H96: 0.5911 | I96: 126.11 | J96: 74.54
A97: Composição Auxiliar | B97: 98445 | C97: SINAPI | D97: PAREDE DE MADEIRA COMPENSADA PARA CONSTRUÇÃO TEMPORÁRIA EM CHAPA SIMPLES, EXTERNA, COM ÁREA LÍQUIDA MAIOR OU IGUAL A 6 M², COM VÃO. AF_05/2018 | E97: CANT - CANTEIRO DE OBRAS | G97: m² | H97: 0.8023 | I97: 149.28 | J97: 119.76
A98: Composição Auxiliar | B98: 98446 | C98: SINAPI | D98: PAREDE DE MADEIRA COMPENSADA PARA CONSTRUÇÃO TEMPORÁRIA EM CHAPA SIMPLES, EXTERNA, COM ÁREA LÍQUIDA MENOR QUE 6 M², COM VÃO. AF_05/2018 | E98: CANT - CANTEIRO DE OBRAS | G98: m² | H98: 0.6255 | I98: 191.08 | J98: 119.52
A99: Composição Auxiliar | B99: 92543 | C99: SINAPI | D99: TRAMA DE MADEIRA COMPOSTA POR TERÇAS PARA TELHADOS DE ATÉ 2 ÁGUAS PARA TELHA ONDULADA DE FIBROCIMENTO, METÁLICA, PLÁSTICA OU TERMOACÚSTICA, INCLUSO TRANSPORTE VERTICAL. AF_07/2019 | E99: COBE - COBERTURA | G99: m² | H99: 1.7192 | I99: 20.07 | J99: 34.5
A100: Composição Auxiliar | B100: 94210 | C100: SINAPI | D100: TELHAMENTO COM TELHA ONDULADA DE FIBROCIMENTO E = 6 MM, COM RECOBRIMENTO LATERAL DE 1 1/4 DE ONDA PARA TELHADO COM INCLINAÇÃO MÁXIMA DE 10°, COM ATÉ 2 ÁGUAS, INCLUSO IÇAMENTO. AF_07/2019 | E100: COBE - COBERTURA | G100: m² | H100: 1.7192 | I100: 52.99 | J100: 91.1
A101: Composição Auxiliar | B101: 94559 | C101: SINAPI | D101: JANELA DE AÇO TIPO BASCULANTE PARA VIDROS, COM BATENTE, FERRAGENS E PINTURA ANTICORROSIVA. EXCLUSIVE VIDROS, ACABAMENTO, ALIZAR E CONTRAMARCO. FORNECIMENTO E INSTALAÇÃO. AF_12/2019 | E101: ESQV - ESQUADRIAS/FERRAGENS/VIDROS | G101: m² | H101: 0.0662 | I101: 696.85 | J101: 46.13
A102: Composição Auxiliar | B102: 91341 | C102: SINAPI | D102: PORTA EM ALUMÍNIO DE ABRIR TIPO VENEZIANA COM GUARNIÇÃO, FIXAÇÃO COM PARAFUSOS - FORNECIMENTO E INSTALAÇÃO. AF_12/2019 | E102: ESQV - ESQUADRIAS/FERRAGENS/VIDROS | G102: m² | H102: 0.153 | I102: 514.11 | J102: 78.65
A103: Composição Auxiliar | B103: 95240 | C103: SINAPI | D103: LASTRO DE CONCRETO MAGRO, APLICADO EM PISOS, LAJES SOBRE SOLO OU RADIERS, ESPESSURA DE 3 CM. AF_07/2016 | E103: FUES - FUNDAÇÕES E ESTRUTURAS | G103: m² | H103: 0.0093 | I103: 13.2 | J103: 0.12
A104: Composição Auxiliar | B104: 95241 | C104: SINAPI | D104: LASTRO DE CONCRETO MAGRO, APLICADO EM PISOS, LAJES SOBRE SOLO OU RADIERS, ESPESSURA DE 5 CM. AF_07/2016 | E104: FUES - FUNDAÇÕES E ESTRUTURAS | G104: m² | H104: 1.511 | I104: 22.01 | J104: 33.25
A105: Composição Auxiliar | B105: 101165 | C105: SINAPI | D105: ALVENARIA DE EMBASAMENTO COM BLOCO ESTRUTURAL DE CONCRETO, DE 14X19X29CM E ARGAMASSA DE ASSENTAMENTO COM PREPARO EM BETONEIRA. AF_05/2020 | E105: FUES - FUNDAÇÕES E ESTRUTURAS | G105: m³ | H105: 0.0417 | I105: 740.16 | J105: 30.86
... A118: Insumo | B118: 00011455 | C118: SINAPI | D118: FERROLHO COM FECHO / TRINCO REDONDO, EM ACO GALVANIZADO / ZINCADO, DE SOBREPOR, COM COMPRIMENTO DE 8" E ESPESSURA MINIMA DA CHAPA DE 1,50 MM | E118: Material | G118: UN | H118: 0.0662 | I118: 13.19 | J118: 0.87
E119: MO sem LS => | F119: 61.722155 | G119: LS => | H119: 71.39 | I119: MO com LS => | J119: 133.11
E120: Valor do BDI => | F120: 189.01 | H120: Valor com BDI => | J120: 969.09
...

Sheet Curva ABC Insumo
A1: ='PO-Sintético'!A1 -> EMPREENDEDOR: PREFEITURA MUNICIPAL DE CENTRO DO GUILHERME-MA
A2: ='PO-Sintético'!A2 -> OBJETO : ESTRADAS VICINAIS-RECUPERAÇÃO
A3: ='PO-Sintético'!A3 -> LOCAL: ESTRADA VICINAL 45 ASSENTAMENTO - CENTRO DO GUILHERME -MA-2,88 KM
C5: Obra | D5: Bancos | E5: B.D.I. | H5: Encargos Sociais
C6: Reforma de Ponte de Madeira Sobre Igarapé Tracuá | D6: SINAPI - 08/2021 - Maranhão SICRO3 - 04/2021 - Maranhão ORSE - 08/2021 - Sergipe SEINFRA - 027 - Ceará | E6: 24,23% | H6: Não Desonerado: Horista: 115,66% Mensalista: 73,48%
A7: Curva ABC de Insumos
A8: Código | B8: Banco | C8: Descrição | D8: Tipo | E8: Und | F8: Quantidade | H8: Valor Unitário | J8: Total | M8: Peso | N8: Valor Acumulado | O8: Peso Acumulado
F9: Operativa | G9: Improdutiva | H9: Operativa | I9: Improdutiva | J9: Operativa | K9: Improdutiva | L9: Geral
A10: 3130 | B10: ORSE | C10: Pilar e vigas de madeira, em massaranduba ou angelin, seção 10x18cm a 30x30cm | D10: Material | E10: m³ | F10: 3,0000000 | H10: 11.323,44 | J10: 33.970,32 | L10: 33970.32 | M10: 34,79% | N10: 33970.32 | O10: 34,79%
A11: 1561 | B11: ORSE | C11: Madeira massaranduba serrada | D11: Material | E11: m³ | F11: 3,0000000 | H11: 11.323,44 | J11: 33.970,32 | L11: 33970.32 | M11: 34,79% | N11: 67940.64 | O11: 69,58%
A12: M3236 | B12: SICRO3 | C12: Película retrorrefletiva tipo III + SI | D12: Material | E12: m² | F12: 10,8000000 | H12: 394,58 | J12: 4.261,46 | L12: 4261.464 | M12: 4,36% | N12: 72202.104 | O12: 73,95%
A13: 00002707 | B13: SINAPI | C13: ENGENHEIRO CIVIL DE OBRA PLENO | D13: Mão de Obra | E13: H | F13: 30,3150000 | H13: 129,58 | J13: 3.928,22 | L13: 3928.2177 | M13: 4,02% | N13: 76130.322 | O13: 77,97%
A14: M0284 | B14: SICRO3 | C14: Caibro de pinho - L = 7,5 cm e E = 7,5 cm | D14: Material | E14: m | F14: 84,3769000 | H14: 37,38 | J14: 3.154,01 | L14: 3154.0085 | M14: 3,23% | N14: 79284.33 | O14: 81,20%
A15: 00004221 | B15: SINAPI | C15: OLEO DIESEL COMBUSTIVEL COMUM | D15: Material | E15: L | F15: 544,0000000 | H15: 5,71 | J15: 3.106,24 | L15: 3106.24 | M15: 3,18% | N15: 82390.57 | O15: 84,38%
A16: 00000428 | B16: SINAPI | C16: PARAFUSO M16 EM ACO GALVANIZADO, COMPRIMENTO = 500 MM, DIAMETRO = 16 MM, ROSCA MAQUINA, COM CABECA SEXTAVADA E PORCA | D16: Material | E16: UN | F16: 100,0000000 | H16: 27,41 | J16: 2.741,00 | L16: 2741 | M16: 2,81% | N16: 85131.57 | O16: 87,19%
A17: 1776 | B17: ORSE | C17: Placa de obra em chapa galvanizada 26 | D17: Material | E17: m² | F17: 6,0000000 | H17: 319,53 | J17: 1.917,18 | L17: 1917.18 | M17: 1,96% | N17: 87048.75 | O17: 89,15%
A18: 00037763 | B18: SINAPI | C18: CAVALO MECANICO TRACAO 4X2, PESO BRUTO TOTAL 16000 KG, CAPACIDADE MAXIMA DE TRACAO *45000* KG, DISTANCIA ENTRE EIXOS *3,56* M, POTENCIA *330* CV (INCLUI CABINE E CHASSI, NAO INCLUI SEMIRREBOQUE) | D18: Equipamento | E18: UN | F18: 0,0020048 | H18: 650.983,47 | J18: 1.305,09 | L18: 1305.0917 | M18: 1,34% | N18: 88353.842 | O18: 90,49%
A19: 00006111 | B19: SINAPI | C19: SERVENTE DE OBRAS | D19: Mão de Obra | E19: H | F19: 43,1974032 | H19: 14,34 | J19: 619,45 | L19: 619.45076 | M19: 0,63% | N19: 88973.293 | O19: 91,12%
A20: M0286 | B20: SICRO3 | C20: Tábua - E = 2,5 cm e L = 30 cm | D20: Material | E20: m | F20: 39,6000000 | H20: 15,29 | J20: 605,48 | L20: 605.484 | M20: 0,62% | N20: 89578.777 | O20: 91,74%
A21: 00037744 | B21: SINAPI | C21: SEMIRREBOQUE COM TRES EIXOS EM TANDEM TIPO BASCULANTE COM CACAMBA METALICA 18 M3 (INCLUI MONTAGEM, NAO INCLUI CAVALO MECANICO) | D21: Material | E21: UN | F21: 0,0020048 | H21: 292.353,14 | J21: 586,11 | L21: 586.10958 | M21: 0,60% | N21: 90164.886 | O21: 92,34%
... A50: 00004721 | B50: SINAPI | C50: PEDRA BRITADA N. 1 (9,5 a 19 MM) POSTO PEDREIRA/FORNECEDOR, SEM FRETE | D50: Material | E50: m³ | F50: 0,6586098 | H50: 82,68 | J50: 54,45 | L50: 54.453858 | M50: 0,06% | N50: 96722.778 | O50: 99,06%
A51: E9535 | B51: SICRO3 | C51: Serra circular com bancada - D = 30 cm - 4 kW | D51: Equipamento | E51: UN | F51: 1,8072500 | G51: 0,0000000 | H51: 29,62 | I51: 29,31 | J51: 53,53 | K51: 0,00 | L51: 53.530745 | M51: 0,05% | N51: 96776.308 | O51: 99,11%
A52: E9687 | B52: SICRO3 | C52: Caminhão carroceria com capacidade de 5 t - 115 kW | D52: Equipamento | E52: UN | F52: 0,2000000 | G52: 0,4666666 | H52: 134,35 | I52: 54,20 | J52: 26,87 | K52: 25,29 | L52: 52.164053 | M52: 0,05% | N52: 96828.472 | O52: 99,17%
A53: M1358 | B53: SICRO3 | C53: Sarrafo em madeira de terceira - E = 2,5 cm e L = 5 cm | D53: Material | E53: m | F53: 20,9000000 | H53: 2,46 | J53: 51,41 | L53: 51.414 | M53: 0,05% | N53: 96879.886 | O53: 99,22%
A54: 00004783 | B54: SINAPI | C54: PINTOR | D54: Mão de Obra | E54: H | F54: 2,4252000 | H54: 20,36 | J54: 49,38 | L54: 49.377072 | M54: 0,05% | N54: 96929.264 | O54: 99,27%
A55: 10492 | B55: ORSE | C55: Cesta Básica | D55: Material | E55: un | F55: 0,2665590 | H55: 173,92 | J55: 46,36 | L55: 46.359941 | M55: 0,05% | N55: 96975.624 | O55: 99,32%
A56: 00007340 | B56: SINAPI | C56: IMUNIZANTE PARA MADEIRA, INCOLOR | D56: Material | E56: L | F56: 1,4400000 | H56: 28,51 | J56: 41,05 | L56: 41.0544 | M56: 0,04% | N56: 97016.678 | O56: 99,36%
A57: 00037736 | B57: SINAPI | C57: TANQUE DE ACO CARBONO NAO REVESTIDO, PARA TRANSPORTE DE AGUA COM CAPACIDADE DE 10 M3, COM BOMBA CENTRIFUGA POR TOMADA DE FORCA, VAZAO MAXIMA *75* M3/H (INCLUI MONTAGEM, NAO INCLUI CAMINHAO) | D57: Material | E57: UN | F57: 0,0003544 | H57: 106.775,68 | J57: 37,84 | L57: 37.841301 | M57: 0,04% | N57: 97054.519 | O57: 99,40%
A58: 10761 | B58: ORSE | C58: Refeição - café da manhã ( café com leite e dois pães com manteiga) | D58: Serviços | E58: un | F58: 6,0301547 | H58: 6,21 | J58: 37,45 | L58: 37.447261 | M58: 0,04% | N58: 97091.966 | O58: 99,44%
A59: 00037734 | B59: SINAPI | C59: CACAMBA METALICA BASCULANTE COM CAPACIDADE DE 10 M3 (INCLUI MONTAGEM, NAO INCLUI CAMINHAO) | D59: Material | E59: UN | F59: 0,0004024 | H59: 85.408,88 | J59: 34,37 | L59: 34.368533 | M59: 0,04% | N59: 97126.335 | O59: 99,47%
A60: P9830 | B60: SICRO3 | C60: Montador | D60: Mão de Obra | E60: h | F60: 1,0095366 | H60: 31,55 | J60: 31,85 | L60: 31.85088 | M60: 0,03% | N60: 97158.186 | O60: 99,50%
A61: E9066 | B61: SICRO3 | C61: Grupo gerador - 13/14 kVA | D61: Equipamento | E61: UN | F61: 2,0441070 | G61: 0,0000000 | H61: 14,76 | I61: 2,94 | J61: 30,17 | K61: 0,00 | L61: 30.171019 | M61: 0,03% | N61: 97188.357 | O61: 99,54%
A62: 6995 | B62: ORSE | C62: Madeira mista serrada (sarrafo) 2,2 x 5,5cm - 0,00121 m³/m | D62: Material | E62: m | F62: 6,0000000 | H62: 4,95 | J62: 29,70 | L62: 29.7 | M62: 0,03% | N62: 97218.057 | O62: 99,57%
A63: 00037666 | B63: SINAPI | C63: OPERADOR DE BETONEIRA ESTACIONARIA / MISTURADOR | D63: Mão de Obra | E63: H | F63: 1,5134721 | H63: 18,95 | J63: 28,68 | L63: 28.680296 | M63: 0,03% | N63: 97246.737 | O63: 99,59%
A64: M1205 | B64: SICRO3 | C64: Prego de ferro | D64: Material | E64: kg | F64: 1,9251000 | H64: 13,98 | J64: 26,91 | L64: 26.912898 | M64: 0,03% | N64: 97273.65 | O64: 99,62%
A65: 2378 | B65: ORSE | C65: Vale transporte | D65: Material | E65: un | F65: 4,8179391 | H65: 4,96 | J65: 23,90 | L65: 23.896978 | M65: 0,02% | N65: 97297.547 | O65: 99,65%
A66: 00037730 | B66: SINAPI | C66: CARROCERIA FIXA ABERTA DE MADEIRA PARA TRANSPORTE GERAL DE CARGA SECA DIMENSOES APROXIMADAS 2,5 X 6,5 X 0,50 M (INCLUI MONTAGEM, NAO INCLUI CAMINHAO) | D66: Material | E66: UN | F66: 0,0007088 | H66: 31.462,76 | J66: 22,30 | L66: 22.300804 | M66: 0,02% | N66: 97319.848 | O66: 99,67%
A67: 00005075 | B67: SINAPI | C67: PREGO DE ACO POLIDO COM CABECA 18 X 30 (2 3/4 X 10) | D67: Material | E67: KG | F67: 0,9000000 | H67: 22,74 | J67: 20,47 | L67: 20.466 | M67: 0,02% | N67: 97340.314 | O67: 99,69%
A68: 00043486 | B68: SINAPI | C68: EPI - FAMILIA ENGENHEIRO CIVIL - HORISTA (ENCARGOS COMPLEMENTARES - COLETADO CAIXA) | D68: Equipamento | E68: H | F68: 30,0000000 | H68: 0,68 | J68: 20,40 | L68: 20.4 | M68: 0,02% | N68: 97360.714 | O68: 99,71%
A69: 00000939 | B69: SINAPI | C69: FIO DE COBRE, SOLIDO, CLASSE 1, ISOLACAO EM PVC/A, ANTICHAMA BWF-B, 450/750V, SECAO NOMINAL 2,5 MM2 | D69: Material | E69: M | F69: 6,2800000 | H69: 3,06 | J69: 19,22 | L69: 19.2168 | M69: 0,02% | N69: 97379.931 | O69: 99,73%
A70: 00013955 | B70: SINAPI | C70: MOTOSSERRA PORTATIL COM MOTOR A GASOLINA DE *60* CC | D70: Equipamento | E70: UN | F70: 0,0050000 | H70: 3.681,04 | J70: 18,41 | L70: 18.4052 | M70: 0,02% | N70: 97398.336 | O70: 99,75%
A71: 00004222 | B71: SINAPI | C71: GASOLINA COMUM | D71: Material | E71: L | F71: 2,4830000 | H71: 7,24 | J71: 17,98 | L71: 17.97692 | M71: 0,02% | N71: 97416.313 | O71: 99,77%
A72: 00004253 | B72: SINAPI | C72: OPERADOR DE GUINCHO OU GUINCHEIRO | D72: Mão de Obra | E72: H | F72: 1,0117000 | H72: 17,42 | J72: 17,62 | L72: 17.623814 | M72: 0,02% | N72: 97433.937 | O72: 99,79%
A73: 941 | B73: ORSE | C73: Fardamento com mangas curta | D73: Material | E73: un | F73: 0,0888530 | H73: 192,79 | J73: 17,13 | L73: 17.12997 | M73: 0,02% | N73: 97451.067 | O73: 99,80%
A74: E9592 | B74: SICRO3 | C74: Caminhão carroceria com capacidade de 15 t - 188 kW | D74: Equipamento | E74: UN | F74: 0,0695814 | G74: 0,0007107 | H74: 234,26 | I74: 68,08 | J74: 16,30 | K74: 0,05 | L74: 16.348522 | M74: 0,02% | N74: 97467.415 | O74: 99,82%
A75: 00004083 | B75: SINAPI | C75: ENCARREGADO GERAL DE OBRAS | D75: Mão de Obra | E75: H | F75: 0,5075500 | H75: 29,03 | J75: 14,73 | L75: 14.734177 | M75: 0,02% | N75: 97482.149 | O75: 99,84%
A76: 4675 | B76: ORSE | C76: Lâmpada fluorescente eletronica PL 15W / 127v (compacta integrada) | D76: Material | E76: un | F76: 1,4200000 | H76: 9,44 | J76: 13,40 | L76: 13.4048 | M76: 0,01% | N76: 97495.554 | O76: 99,85%
A77: 00043491 | B77: SINAPI | C77: EPI - FAMILIA SERVENTE - HORISTA (ENCARGOS COMPLEMENTARES - COLETADO CAIXA) | D77: Equipamento | E77: H | F77: 10,1735540 | H77: 1,25 | J77: 12,72 | L77: 12.716943 | M77: 0,01% | N77: 97508.271 | O77: 99,86%
A78: M3153 | B78: SICRO3 | C78: Tinta em pó à base de resina poliéster | D78: Material | E78: kg | F78: 0,1536058 | H78: 71,40 | J78: 10,97 | L78: 10.967454 | M78: 0,01% | N78: 97519.238 | O78: 99,87%
A79: P9823 | B79: SICRO3 | C79: Serralheiro | D79: Mão de Obra | E79: h | F79: 0,3428700 | H79: 27,97 | J79: 9,59 | L79: 9.5900739 | M79: 0,01% | N79: 97528.829 | O79: 99,88%
A80: M2034 | B80: SICRO3 | C80: Solvente para tinta à base de resina acrílica | D80: Material | E80: l | F80: 0,6025000 | H80: 15,38 | J80: 9,27 | L80: 9.26645 | M80: 0,01% | N80: 97538.095 | O80: 99,89%
A81: 10517 | B81: ORSE | C81: Exames admissionais/demissionais (checkup) | D81: Serviços | E81: cj | F81: 0,0236942 | H81: 372,69 | J81: 8,83 | L81: 8.8305914 | M81: 0,01% | N81: 97546.926 | O81: 99,90%
A82: 00043489 | B82: SINAPI | C82: EPI - FAMILIA PEDREIRO - HORISTA (ENCARGOS COMPLEMENTARES - COLETADO CAIXA) | D82: Equipamento | E82: H | F82: 6,2120000 | H82: 1,18 | J82: 7,33 | L82: 7.33016 | M82: 0,01% | N82: 97554.256 | O82: 99,91%
A83: 00043483 | B83: SINAPI | C83: EPI - FAMILIA CARPINTEIRO DE FORMAS - HORISTA (ENCARGOS COMPLEMENTARES - COLETADO CAIXA) | D83: Equipamento | E83: H | F83: 5,0000000 | H83: 1,30 | J83: 6,50 | L83: 6.5 | M83: 0,01% | N83: 97560.756 | O83: 99,92%
A84: 00002436 | B84: SINAPI | C84: ELETRICISTA | D84: Mão de Obra | E84: H | F84: 0,2800000 | H84: 20,36 | J84: 5,70 | L84: 5.7008 | M84: 0,01% | N84: 97566.457 | O84: 99,92%
A85: 1997 | B85: ORSE | C85: Sabão em pó | D85: Material | E85: kg | F85: 0,5000000 | H85: 10,65 | J85: 5,33 | L85: 5.325 | M85: 0,01% | N85: 97571.782 | O85: 99,93%
A86: 1925 | B86: ORSE | C86: Bocal baquelite para lâmpada com rabicho | D86: Material | E86: un | F86: 1,4200000 | H86: 3,72 | J86: 5,28 | L86: 5.2824 | M86: 0,01% | N86: 97577.064 | O86: 99,93%
... A94: 00036397 | B94: SINAPI | C94: BETONEIRA, CAPACIDADE NOMINAL 600 L, CAPACIDADE DE MISTURA 360L, MOTOR ELETRICO TRIFASICO 220/380V, POTENCIA 4CV, EXCLUSO CARREGADOR | D94: Equipamento | E94: UN | F94: 0,0001542 | H94: 23.862,55 | J94: 3,68 | L94: 3.6796052 | M94: 0,00% | N94: 97611.371 | O94: 99,97%
A95: E9076 | B95: SICRO3 | C95: Equipamento para pintura eletrostática com cabine dupla de 7,00 kW e estufa de 80.000 | D95: Equipamento | E95: UN | F95: 0,0716177 | G95: 0,0000000 | H95: 47,46 | I95: 41,39 | J95: 3,40 | K95: 0,00 | L95: 3.398976 | M95: 0,00% | N95: 97614.77 | O95: 99,97%
A96: 00012893 | B96: SINAPI | C96: BOTA DE SEGURANCA COM BIQUEIRA DE ACO E COLARINHO ACOLCHOADO | D96: Material | E96: PAR | F96: 0,0447540 | H96: 70,47 | J96: 3,15 | L96: 3.1538144 | M96: 0,00% | N96: 97617.924 | O96: 99,97%
A97: 00043459 | B97: SINAPI | C97: FERRAMENTAS - FAMILIA CARPINTEIRO DE FORMAS - HORISTA (ENCARGOS COMPLEMENTARES - COLETADO CAIXA) | D97: Equipamento | E97: H | F97: 5,0000000 | H97: 0,47 | J97: 2,35 | L97: 2.35 | M97: 0,00% | N97: 97620.274 | O97: 99,98%
A98: 00002711 | B98: SINAPI | C98: CARRINHO DE MAO DE ACO CAPACIDADE 50 A 60 L, PNEU COM CAMARA | D98: Equipamento | E98: UN | F98: 0,0065780 | H98: 303,68 | J98: 2,00 | L98: 1.997607 | M98: 0,00% | N98: 97622.271 | O98: 99,98%
A99: 00006189 | B99: SINAPI | C99: TABUA NAO APARELHADA *2,5 X 30* CM, EM MACARANDUBA, ANGELIM OU EQUIVALENTE DA REGIAO - BRUTA | D99: Material | E99: M | F99: 0,0631488 | H99: 30,74 | J99: 1,94 | L99: 1.9411941 | M99: 0,00% | N99: 97624.212 | O99: 99,98%
A100: 00012892 | B100: SINAPI | C100: LUVA RASPA DE COURO, CANO CURTO (PUNHO *7* CM) | D100: Equipamento | E100: PAR | F100: 0,1362412 | H100: 13,20 | J100: 1,80 | L100: 1.7983838 | M100: 0,00% | N100: 97626.011 | O100: 99,98%
A101: 00002705 | B101: SINAPI | C101: ENERGIA ELETRICA ATE 2000 KWH INDUSTRIAL, SEM DEMANDA | D101: Material | E101: KW/H | F101: 1,9359725 | H101: 0,89 | J101: 1,72 | L101: 1.7230155 | M101: 0,00% | N101: 97627.734 | O101: 99,98%
A102: 11249 | B102: ORSE | C102: Serra circular eletrica portatil | D102: Equipamento | E102: un | F102: 0,0026062 | H102: 643,51 | J102: 1,68 | L102: 1.6771158 | M102: 0,00% | N102: 97629.411 | O102: 99,99%
A103: 10596 | B103: ORSE | C103: Protetor auricular | D103: Material | E103: un | F103: 0,2665590 | H103: 6,08 | J103: 1,62 | L103: 1.6206787 | M103: 0,00% | N103: 97631.032 | O103: 99,99%
A104: 80 | B104: ORSE | C104: Aço CA-25 6,3 a 12,5 mm Aço ca-25 6,3 a 12,5 mm | D104: Material | E104: kg | F104: 0,0915200 | H104: 14,19 | J104: 1,30 | L104: 1.2986688 | M104: 0,00% | N104: 97632.33 | O104: 99,99%
A105: 00037373 | B105: SINAPI | C105: SEGURO - HORISTA (COLETADO CAIXA) | D105: Taxas | E105: H | F105: 128,7901490 | H105: 0,01 | J105: 1,29 | L105: 1.2879015 | M105: 0,00% | N105: 97633.618 | O105: 99,99%
A106: 2185 | B106: ORSE | C106: Tela de polietileno estirado para tapumes ( malha 80x40 e 65x40mm) h=1,20m | D106: Material | E106: m | F106: 0,2860000 | H106: 3,98 | J106: 1,14 | L106: 1.13828 | M106: 0,00% | N106: 97634.756 | O106: 99,99%
A107: E9623 | B107: SICRO3 | C107: Máquina de bancada guilhotina - 4,00 kW | D107: Equipamento | E107: UN | F107: 0,0688483 | G107: 0,0000000 | H107: 15,53 | I107: 9,52 | J107: 1,07 | K107: 0,00 | L107: 1.0692141 | M107: 0,00% | N107: 97635.826 | O107: 99,99%
A108: E9622 | B108: SICRO3 | C108: Máquina de bancada universal para corte de chapa - 1,50 kW | D108: Equipamento | E108: UN | F108: 0,1652393 | G108: 0,0000000 | H108: 6,10 | I108: 3,74 | J108: 1,01 | K108: 0,00 | L108: 1.0079597 | M108: 0,00% | N108: 97636.834 | O108: 99,99%
A109: 00000345 | B109: SINAPI | C109: ARAME GALVANIZADO 18 BWG, D = 1,24MM (0,009 KG/M) | D109: Material | E109: KG | F109: 0,0274560 | H109: 35,86 | J109: 0,98 | L109: 0.98457216 | M109: 0,00% | N109: 97637.818 | O109: 100,00%
A110: 00037370 | B110: SINAPI | C110: ALIMENTACAO - HORISTA (COLETADO CAIXA) | D110: Outros | E110: H | F110: 98,2901490 | H110: 0,01 | J110: 0,98 | L110: 0.98290149 | M110: 0,00% | N110: 97638.801 | O110: 100,00%
A111: 11248 | B111: ORSE | C111: Furadeira e Parafusadeira eletrica Bosch ou Similar profissional | D111: Equipamento | E111: un | F111: 0,0026062 | H111: 305,60 | J111: 0,80 | L111: 0.79645472 | M111: 0,00% | N111: 97639.598 | O111: 100,00%
A112: 00043464 | B112: SINAPI | C112: FERRAMENTAS - FAMILIA OPERADOR ESCAVADEIRA - HORISTA (ENCARGOS COMPLEMENTARES - COLETADO CAIXA) | D112: Equipamento | E112: H | F112: 74,5045950 | H112: 0,01 | J112: 0,75 | L112: 0.74504595 | M112: 0,00% | N112: 97640.343 | O112: 100,00%
A113: 00043487 | B113: SINAPI | C113: EPI - FAMILIA ENCARREGADO GERAL - HORISTA (ENCARGOS COMPLEMENTARES - COLETADO CAIXA) | D113: Equipamento | E113: H | F113: 0,5000000 | H113: 1,16 | J113: 0,58 | L113: 0.58 | M113: 0,00% | N113: 97640.923 | O113: 100,00%
A114: 00036498 | B114: SINAPI | C114: GERADOR PORTATIL MONOFASICO, POTENCIA 5500 VA, MOTOR A GASOLINA, POTENCIA DO MOTOR 13 CV | D114: Equipamento | E114: UN | F114: 0,0000829 | H114: 6.518,28 | J114: 0,54 | L114: 0.54036541 | M114: 0,00% | N114: 97641.463 | O114: 100,00%
A115: 00012895 | B115: SINAPI | C115: CAPACETE DE SEGURANCA ABA FRONTAL COM SUSPENSAO DE POLIETILENO, SEM JUGULAR (CLASSE B) | D115: Material | E115: UN | F115: 0,0355412 | H115: 14,68 | J115: 0,52 | L115: 0.52174482 | M115: 0,00% | N115: 97641.985 | O115: 100,00%
A116: 00036487 | B116: SINAPI | C116: GUINCHO ELETRICO DE COLUNA, CAPACIDADE 400 KG, COM MOTO FREIO, MOTOR TRIFASICO DE 1,25 CV | D116: Equipamento | E116: UN | F116: 0,0000716 | H116: 5.982,45 | J116: 0,43 | L116: 0.42834342 | M116: 0,00% | N116: 97642.413 | O116: 100,00%
A117: 1651 | B117: ORSE | C117: Óculos branco proteção | D117: Material | E117: pr | F117: 0,0447820 | H117: 7,40 | J117: 0,33 | L117: 0.3313868 | M117: 0,00% | N117: 97642.744 | O117: 100,00%
A118: 00043462 | B118: SINAPI | C118: FERRAMENTAS - FAMILIA ENGENHEIRO CIVIL - HORISTA (ENCARGOS COMPLEMENTARES - COLETADO CAIXA) | D118: Equipamento | E118: H | F118: 30,0000000 | H118: 0,01 | J118: 0,30 | L118: 0.3 | M118: 0,00% | N118: 97643.044 | O118: 100,00%
A119: 00000367 | B119: SINAPI | C119: AREIA GROSSA - POSTO JAZIDA/FORNECEDOR (RETIRADO NA JAZIDA, SEM TRANSPORTE) | D119: Material | E119: m³ | F119: 0,0037758 | H119: 77,64 | J119: 0,29 | L119: 0.29315311 | M119: 0,00% | N119: 97643.338 | O119: 100,00%
A120: 00005067 | B120: SINAPI | C120: PREGO DE ACO POLIDO COM CABECA 16 X 24 (2 1/4 X 12) | D120: Material | E120: KG | F120: 0,0102960 | H120: 24,23 | J120: 0,25 | L120: 0.24947208 | M120: 0,00% | N120: 97643.587 | O120: 100,00%
... A123: 00004718 | B123: SINAPI | C123: PEDRA BRITADA N. 2 (19 A 38 MM) POSTO PEDREIRA/FORNECEDOR, SEM FRETE | D123: Material | E123: m³ | F123: 0,0025105 | H123: 83,12 | J123: 0,21 | L123: 0.20867276 | M123: 0,00% | N123: 97644.267 | O123: 100,00%
A124: E9686 | B124: SICRO3 | C124: Caminhão carroceria com guindauto com capacidade de 20 t.m - 136 kW | D124: Equipamento | E124: UN | F124: 0,0007560 | G124: 0,0000000 | H124: 275,90 | I124: 107,99 | J124: 0,21 | K124: 0,00 | L124: 0.2085804 | M124: 0,00% | N124: 97644.476 | O124: 100,00%
A125: 4728 | B125: ORSE | C125: Talhadeira chata 10" Talhadeira chara 10" | D125: Material | E125: un | F125: 0,0098670 | H125: 17,20 | J125: 0,17 | L125: 0.1697124 | M125: 0,00% | N125: 97644.646 | O125: 100,00%
A126: 10579 | B126: ORSE | C126: Chave de fenda chata 30 cm | D126: Material | E126: un | F126: 0,0052686 | H126: 28,43 | J126: 0,15 | L126: 0.1497863 | M126: 0,00% | N126: 97644.795 | O126: 100,00%
A127: 10788 | B127: ORSE | C127: Pá quadrada | D127: Material | E127: un | F127: 0,0065780 | H127: 21,47 | J127: 0,14 | L127: 0.14122966 | M127: 0,00% | N127: 97644.937 | O127: 100,00%
A128: 4729 | B128: ORSE | C128: Marreta 1 kg com cabo | D128: Material | E128: un | F128: 0,0032889 | H128: 34,16 | J128: 0,11 | L128: 0.11234882 | M128: 0,00% | N128: 97645.049 | O128: 100,00%
A129: 00004509 | B129: SINAPI | C129: SARRAFO *2,5 X 10* CM EM PINUS, MISTA OU EQUIVALENTE DA REGIAO - BRUTA | D129: Material | E129: M | F129: 0,0205920 | H129: 5,42 | J129: 0,11 | L129: 0.11160864 | M129: 0,00% | N129: 97645.16 | O129: 100,00%
A130: 10578 | B130: ORSE | C130: Formão grande | D130: Material | E130: un | F130: 0,0052126 | H130: 18,82 | J130: 0,10 | L130: 0.098101132 | M130: 0,00% | N130: 97645.259 | O130: 100,00%
A131: 10577 | B131: ORSE | C131: Serrote 40cm | D131: Material | E131: un | F131: 0,0026062 | H131: 23,08 | J131: 0,06 | L131: 0.060151096 | M131: 0,00% | N131: 97645.319 | O131: 100,00%
A132: 00043463 | B132: SINAPI | C132: FERRAMENTAS - FAMILIA ENCARREGADO GERAL - HORISTA (ENCARGOS COMPLEMENTARES - COLETADO CAIXA) | D132: Equipamento | E132: H | F132: 0,5000000 | H132: 0,09 | J132: 0,05 | L132: 0.045 | M132: 0,00% | N132: 97645.364 | O132: 100,00%
A133: 00000378 | B133: SINAPI | C133: ARMADOR | D133: Mão de Obra | E133: H | F133: 0,0007207 | H133: 20,36 | J133: 0,01 | L133: 0.014673452 | M133: 0,00% | N133: 97645.378 | O133: 100,00%
A134: E9568 | B134: SICRO3 | C134: Furadeira de impacto de 12,5 mm - 0,80 kW | D134: Equipamento | E134: UN | F134: 0,0516362 | G134: 0,0000000 | H134: 0,20 | I134: 0,14 | J134: 0,01 | K134: 0,00 | L134: 0.01032724 | M134: 0,00% | N134: 97645.389 | O134: 100,00%
A135: 11241 | B135: ORSE | C135: Alicate volt-amperimetro | D135: Material | E135: un | F135: 0,0000560 | H135: 178,89 | J135: 0,01 | L135: 0.01001784 | M135: 0,00% | N135: 97645.399 | O135: 100,00%
A136: 00002692 | B136: SINAPI | C136: DESMOLDANTE PROTETOR PARA FORMAS DE MADEIRA, DE BASE OLEOSA EMULSIONADA EM AGUA | D136: Material | E136: L | F136: 0,0005148 | H136: 9,40 | J136: 0,00 | L136: 0.00483912 | M136: 0,00% | N136: 97645.404 | O136: 100,00%
A137: 11240 | B137: ORSE | C137: Alicate com isolamento | D137: Material | E137: un | F137: 0,0000560 | H137: 54,53 | J137: 0,00 | L137: 0.00305368 | M137: 0,00% | N137: 97645.407 | O137: 100,00%
A138: 11242 | B138: ORSE | C138: Chave inglesa 12" | D138: Material | E138: un | F138: 0,0000280 | H138: 58,38 | J138: 0,00 | L138: 0.00163464 | M138: 0,00% | N138: 97645.408 | O138: 100,00%
...

Sheet BDI
J1: ='PO-Sintético'!A1 -> EMPREENDEDOR: PREFEITURA MUNICIPAL DE CENTRO DO GUILHERME-MA
J2: ='PO-Sintético'!A2 -> OBJETO : ESTRADAS VICINAIS-RECUPERAÇÃO
J3: ='PO-Sintético'!A3 -> LOCAL: ESTRADA VICINAL 45 ASSENTAMENTO - CENTRO DO GUILHERME -MA-2,88 KM
A4: Construção de Praças Urbanas, Rodovias, Ferrovias e recapeamento e pavimentação de vias urbanas | B4: R | C4: =CONCATENATE(A4,"-",B4) -> Construção de Praças Urbanas, Rodovias, Ferrovias e recapeamento e pavimentação de vias urbanas-R | E4: 0.005 | F4: 0.0056 | G4: 0.0097 | J4: Conforme legislação tributária municipal, definir estimativa de percentual da base de cálculo para o ISS: | R4: 1
A5: Construção de Praças Urbanas, Rodovias, Ferrovias e recapeamento e pavimentação de vias urbanas | B5: DF | C5: =CONCATENATE(A5,"-",B5) -> Construção de Praças Urbanas, Rodovias, Ferrovias e recapeamento e pavimentação de vias urbanas-DF | E5: 0.0102 | F5: 0.0111 | G5: 0.0121 | I5: ↓ | J5: Sobre a base de cálculo, definir a respectiva alíquota do ISS (entre 2% e 5%): | R5: 0.05
A6: Construção de Praças Urbanas, Rodovias, Ferrovias e recapeamento e pavimentação de vias urbanas | B6: L | C6: =CONCATENATE(A6,"-",B6) -> Construção de Praças Urbanas, Rodovias, Ferrovias e recapeamento e pavimentação de vias urbanas-L | E6: 0.0664 | F6: 0.073 | G6: 0.0869 | I6: F
A7: Construção de Praças Urbanas, Rodovias, Ferrovias e recapeamento e pavimentação de vias urbanas | B7: BDI PAD | C7: =CONCATENATE(A7,"-",B7) -> Construção de Praças Urbanas, Rodovias, Ferrovias e recapeamento e pavimentação de vias urbanas-BDI PAD | E7: 0.196 | F7: 0.2097 | G7: 0.2423 | I7: F
A8: Construção de Redes de Abastecimento de Água, Coleta de Esgoto | B8: AC | C8: =CONCATENATE(A8,"-",B8) -> Construção de Redes de Abastecimento de Água, Coleta de Esgoto-AC | E8: 0.0343 | F8: 0.0493 | G8: 0.0671 | I8: F | J8: BDI - BENEFÍCIOS E DESPESAS INDIRETAS
A9: =A8 -> Construção de Redes de Abastecimento de Água, Coleta de Esgoto | B9: SG | C9: =CONCATENATE(A9,"-",B9) -> Construção de Redes de Abastecimento de Água, Coleta de Esgoto-SG | E9: 0.0028 | F9: 0.0049 | G9: 0.0075 | I9: F
A10: =A9 -> Construção de Redes de Abastecimento de Água, Coleta de Esgoto | B10: R | C10: =CONCATENATE(A10,"-",B10) -> Construção de Redes de Abastecimento de Água, Coleta de Esgoto-R | E10: 0.01 | F10: 0.0139 | G10: 0.0174 | I10: F | J10: TIPO DE OBRA
A11: =A10 -> Construção de Redes de Abastecimento de Água, Coleta de Esgoto | B11: DF | C11: =CONCATENATE(A11,"-",B11) -> Construção de Redes de Abastecimento de Água, Coleta de Esgoto-DF | E11: 0.0094 | F11: 0.0099 | G11: 0.0117 | I11: F | J11: Construção de Praças Urbanas, Rodovias, Ferrovias e recapeamento e pavimentação de vias urbanas
A12: =A11 -> Construção de Redes de Abastecimento de Água, Coleta de Esgoto | B12: L | C12: =CONCATENATE(A12,"-",B12) -> Construção de Redes de Abastecimento de Água, Coleta de Esgoto-L | E12: 0.0674 | F12: 0.0804 | G12: 0.094 | I12: F
A13: =A12 -> Construção de Redes de Abastecimento de Água, Coleta de Esgoto | B13: BDI PAD | C13: =CONCATENATE(A13,"-",B13) -> Construção de Redes de Abastecimento de Água, Coleta de Esgoto-BDI PAD | E13: 0.2076 | F13: 0.2418 | G13: 0.2644 | I13: F | J13: Itens | R13: Siglas | S13: % Adotado
A14: Construção e Manutenção de Estações e Redes de Distribuição de Energia Elétrica | B14: AC | C14: =CONCATENATE(A14,"-",B14) -> Construção e Manutenção de Estações e Redes de Distribuição de Energia Elétrica-AC | E14: 0.0529 | F14: 0.0592 | G14: 0.0793 | I14: F
A15: =A14 -> Construção e Manutenção de Estações e Redes de Distribuição de Energia Elétrica | B15: SG | C15: =CONCATENATE(A15,"-",B15) -> Construção e Manutenção de Estações e Redes de Distribuição de Energia Elétrica-SG | E15: 0.0025 | F15: 0.0051 | G15: 0.0056 | I15: F | J15: =IF($J$11=$A$140,"Encargos Sociais incidentes sobre a mão de obra","Administração Central") -> Administração Central | R15: =IF($J11=$A$140,"K1","AC") -> AC | S15: 0.0401
A16: =A15 -> Construção e Manutenção de Estações e Redes de Distribuição de Energia Elétrica | B16: R | C16: =CONCATENATE(A16,"-",B16) -> Construção e Manutenção de Estações e Redes de Distribuição de Energia Elétrica-R | E16: 0.01 | F16: 0.0148 | G16: 0.0197 | I16: F | J16: =IF($J$11=$A$140,"Administração Central da empresa ou consultoria - overhead","Seguro e Garantia") -> Seguro e Garantia | R16: =IF($J11=$A$140,"K2","SG") -> SG | S16: 0.004
A17: =A16 -> Construção e Manutenção de Estações e Redes de Distribuição de Energia Elétrica | B17: DF | C17: =CONCATENATE(A17,"-",B17) -> Construção e Manutenção de Estações e Redes de Distribuição de Energia Elétrica-DF | E17: 0.0101 | F17: 0.0107 | G17: 0.0111 | I17: F | J17: =IF($J$11=$A$140,"","Risco") -> Risco | R17: =IF($J11=$A$140,"","R") -> R | S17: 0.0056
A18: =A17 -> Construção e Manutenção de Estações e Redes de Distribuição de Energia Elétrica | B18: L | C18: =CONCATENATE(A18,"-",B18) -> Construção e Manutenção de Estações e Redes de Distribuição de Energia Elétrica-L | E18: 0.08 | F18: 0.0831 | G18: 0.0951 | I18: F | J18: =IF($J$11=$A$140,"","Despesas Financeiras") -> Despesas Financeiras | R18: =IF($J11=$A$140,"","DF") -> DF | S18: 0.0102
A19: =A18 -> Construção e Manutenção de Estações e Redes de Distribuição de Energia Elétrica | B19: BDI PAD | C19: =CONCATENATE(A19,"-",B19) -> Construção e Manutenção de Estações e Redes de Distribuição de Energia Elétrica-BDI PAD | E19: 0.24 | F19: 0.2584 | G19: 0.2786 | I19: F | J19: =IF($J$11=$A$140,"Margem bruta da empresa de consultoria","Lucro") -> Lucro | R19: =IF($J11=$A$140,"K3","L") -> L | S19: 0.0702
A20: Obras Portuárias, Marítimas e Fluviais | B20: AC | C20: =CONCATENATE(A20,"-",B20) -> Obras Portuárias, Marítimas e Fluviais-AC | E20: 0.04 | F20: 0.0552 | G20: 0.0785 | I20: F | J20: Tributos (impostos COFINS 3%, e PIS 0,65%) | R20: CP | S20: 0.0365
A21: =A20 -> Obras Portuárias, Marítimas e Fluviais | B21: SG | C21: =CONCATENATE(A21,"-",B21) -> Obras Portuárias, Marítimas e Fluviais-SG | E21: 0.0081 | F21: 0.0122 | G21: 0.0199 | I21: F | J21: Tributos (ISS, variável de acordo com o município) | R21: ISS | S21: 0.05
A22: =A21 -> Obras Portuárias, Marítimas e Fluviais | B22: R | C22: =CONCATENATE(A22,"-",B22) -> Obras Portuárias, Marítimas e Fluviais-R | E22: 0.0146 | F22: 0.0232 | G22: 0.0316 | I22: F | J22: Tributos (Contribuição Previdenciária sobre a Receita Bruta - 0% ou 4,5% - Desoneração) | R22: CPRB | S22: 0
A23: =A22 -> Obras Portuárias, Marítimas e Fluviais | B23: DF | C23: =CONCATENATE(A23,"-",B23) -> Obras Portuárias, Marítimas e Fluviais-DF | E23: 0.0094 | F23: 0.0102 | G23: 0.0133 | I23: F | J23: BDI SEM desoneração (Fórmula Acórdão TCU) | R23: BDI PAD | S23: 0.2423
A24: =A23 -> Obras Portuárias, Marítimas e Fluviais | B24: L | C24: =CONCATENATE(A24,"-",B24) -> Obras Portuárias, Marítimas e Fluviais-L | E24: 0.0714 | F24: 0.084 | G24: 0.1043 | I24: F | J24: BDI NÃO DESONERADO | S24: =S23 -> 0.2423
A25: =A24 -> Obras Portuárias, Marítimas e Fluviais | B25: BDI PAD | C25: =CONCATENATE(A25,"-",B25) -> Obras Portuárias, Marítimas e Fluviais-BDI PAD | E25: 0.228 | F25: 0.2748 | G25: 0.3095 | I25: F
A26: Fornecimento de Materiais e Equipamentos (aquisição indireta - em conjunto com licitação de obras) | B26: AC | C26: =CONCATENATE(A26,"-",B26) -> Fornecimento de Materiais e Equipamentos (aquisição indireta - em conjunto com licitação de obras)-AC | E26: 0.015 | F26: 0.0345 | G26: 0.0449 | I26: F
A27: =A26 -> Fornecimento de Materiais e Equipamentos (aquisição indireta - em conjunto com licitação de obras) | B27: SG | C27: =CONCATENATE(A27,"-",B27) -> Fornecimento de Materiais e Equipamentos (aquisição indireta - em conjunto com licitação de obras)-SG | E27: 0.003 | F27: 0.0048 | G27: 0.0082 | I27: F
A28: =A27 -> Fornecimento de Materiais e Equipamentos (aquisição indireta - em conjunto com licitação de obras) | B28: R | C28: =CONCATENATE(A28,"-",B28) -> Fornecimento de Materiais e Equipamentos (aquisição indireta - em conjunto com licitação de obras)-R | E28: 0.0056 | F28: 0.0085 | G28: 0.0089 | I28: F | J28: Os valores de BDI foram calculados com o emprego da fórmula:
A29: =A28 -> Fornecimento de Materiais e Equipamentos (aquisição indireta - em conjunto com licitação de obras) | B29: DF | C29: =CONCATENATE(A29,"-",B29) -> Fornecimento de Materiais e Equipamentos (aquisição indireta - em conjunto com licitação de obras)-DF | E29: 0.0085 | F29: 0.0085 | G29: 0.0111 | I29: F | M29: BDI = | N29: =IF($J11=$A$140,"(1+K1+K2)*(1+K3)","(1+AC + S + R + G)*(1 + DF)*(1+L)") -> (1+AC + S + R + G)*(1 + DF)*(1+L) | Q29: - 1
A30: =A29 -> Fornecimento de Materiais e Equipamentos (aquisição indireta - em conjunto com licitação de obras) | B30: L | C30: =CONCATENATE(A30,"-",B30) -> Fornecimento de Materiais e Equipamentos (aquisição indireta - em conjunto com licitação de obras)-L | E30: 0.035 | F30: 0.0511 | G30: 0.0622 | I30: F | N30: (1-CP-ISS-CRPB)
A31: =A30 -> Fornecimento de Materiais e Equipamentos (aquisição indireta - em conjunto com licitação de obras) | B31: BDI PAD | C31: =CONCATENATE(A31,"-",B31) -> Fornecimento de Materiais e Equipamentos (aquisição indireta - em conjunto com licitação de obras)-BDI PAD | E31: 0.111 | F31: 0.1402 | G31: 0.168 | I31: F
A32: Fornecimento de Materiais e Equipamentos (aquisição direta) | B32: AC | C32: =CONCATENATE(A32,"-",B32) -> Fornecimento de Materiais e Equipamentos (aquisição direta)-AC | E32: - | F32: - | G32: - | I32: F | J32: =CONCATENATE("Declaro para os devidos fins que, conforme legislação tributária municipal, a base de cálculo deste tipo de obra corresponde à ",$R$4*100,"%, com a respectiva alíquota de ",$R$5*100,"%.") -> Declaro para os devidos fins que, conforme legislação tributária municipal, a base de cálculo deste tipo de obra corresponde à 100%, com a respectiva alíquota de 5%.
A33: Fornecimento de Materiais e Equipamentos (aquisição direta) | B33: SG | C33: =CONCATENATE(A33,"-",B33) -> Fornecimento de Materiais e Equipamentos (aquisição direta)-SG | E33: - | F33: - | G33: - | I33: F
A34: Fornecimento de Materiais e Equipamentos (aquisição direta) | B34: R | C34: =CONCATENATE(A34,"-",B34) -> Fornecimento de Materiais e Equipamentos (aquisição direta)-R | E34: - | F34: - | G34: - | I34: F | J34: `Declaro para os devidos fins que o regime de Contribuição Previdenciária sobre a Receita Bruta adotado para elaboração do orçamento foi SEM Desoneração, e que esta é a alternativa mais adequada para a Administração Pública.")
A35: Fornecimento de Materiais e Equipamentos (aquisição direta) | B35: DF | C35: =CONCATENATE(A35,"-",B35) -> Fornecimento de Materiais e Equipamentos (aquisição direta)-DF | E35: - | F35: - | G35: - | I35: F
A36: Fornecimento de Materiais e Equipamentos (aquisição direta) | B36: L | C36: =CONCATENATE(A36,"-",B36) -> Fornecimento de Materiais e Equipamentos (aquisição direta)-L | E36: - | F36: - | G36: - | I36: F | J36: Observações:
A37: Fornecimento de Materiais e Equipamentos (aquisição direta) | B37: BDI PAD | C37: =CONCATENATE(A37,"-",B37) -> Fornecimento de Materiais e Equipamentos (aquisição direta)-BDI PAD | E37: - | F37: - | G37: - | I37: F
A38: Estudos e Projetos, Planos e Gerenciamento e outros correlatos | B38: K1 | C38: =CONCATENATE(A38,"-",B38) -> Estudos e Projetos, Planos e Gerenciamento e outros correlatos-K1 | E38: - | F38: - | G38: - | I38: F
A39: =#REF! -> #REF! | C39: =CONCATENATE(A39,"-",B39) -> #REF! | E39: - | F39: - | G39: - | I39: F
A40: =A39 -> #REF! | B40: K3 | C40: =CONCATENATE(A40,"-",B40) -> #REF! | E40: - | F40: 0.12 | G40: - | I40: F
A41: =A40 -> #REF! | B41: BDI PAD | C41: =CONCATENATE(A41,"-",B41) -> #REF! | E41: - | F41: - | G41: - | I41: F | J41: Responsável Técnico
I42: F | J42: Nome:
I43: F | J43: CREA/CAU:
I44: F | J44: ART/RRT:
I45: F | J45: Santa Luzia do Paruá-MA

Sheet Encargos
A1: ='PO-Sintético'!A1 -> EMPREENDEDOR: PREFEITURA MUNICIPAL DE CENTRO DO GUILHERME-MA
A2: ='PO-Sintético'!A2 -> OBJETO : ESTRADAS VICINAIS-RECUPERAÇÃO
A3: ='PO-Sintético'!A3 -> LOCAL: ESTRADA VICINAL 45 ASSENTAMENTO - CENTRO DO GUILHERME -MA-2,88 KM
A5: ENCARGOS SOCIAIS SOBRE A MÃO DE OBRA
A6: SINAPI 114,08%(HORA) 71,35%(MENSAL)-REF.OUT/2023-NÃO DESONERADO
A7: ENCARGOS SOCIAIS SOBRE A MÃO DE OBRA
A8: CÓDIGO | B8: DESCRIÇÃO | C8: NÃO DESONERADO
A9: CÓDIGO | B9: DESCRIÇÃO | C9: HORISTA % | D9: MENSALISTA %
A10: GRUPO A
A11: A1 | B11: INSS | C11: 0.2 | D11: 0.2
A12: A2 | B12: SESI | C12: 0.015 | D12: 0.015
A13: A3 | B13: SENAI | C13: 0.01 | D13: 0.01
A14: A4 | B14: INCRA | C14: 0.002 | D14: 0.002
A15: A5 | B15: SEBRAE | C15: 0.006 | D15: 0.006
A16: A6 | B16: Salário Educação | C16: 0.025 | D16: 0.025
A17: A7 | B17: Seguro Contra Acidentes de Trabalho | C17: 0.03 | D17: 0.03
A18: A8 | B18: FGTS | C18: 0.08 | D18: 0.08
A19: A9 | B19: SECONCI | C19: 0.01 | D19: 0.01
A20: A | B20: Total | C20: =SUM(C11:C19) -> 0.378 | D20: =SUM(D11:D19) -> 0.378
A21: GRUPO B
A22: B1 | B22: Repouso Semanal Remunerado | C22: 0.1788 | D22: Não incide
A23: B2 | B23: Feriados | C23: 0.0395 | D23: Não incide
A24: B3 | B24: Auxílio - Enfermidade | C24: 0.0087 | D24: 0.0066
A25: B4 | B25: 13º Salário | C25: 0.1096 | D25: 0.0833
A26: B5 | B26: Licença Paternidade | C26: 0.0007 | D26: 0.0005
A27: B6 | B27: Faltas Justificadas | C27: 0.0073 | D27: 0.0056
A28: B7 | B28: Dias de Chuvas | C28: 0.015 | D28: Não incide
A29: B8 | B29: Auxílio Acidente de Trabalho | C29: 0.0011 | D29: 0.0008
A30: B9 | B30: Férias Gozadas | C30: 0.1111 | D30: 0.0845
A31: B10 | B31: Salário Maternidade | C31: 0.0004 | D31: 0.0003
A32: B | B32: Total | C32: =SUM(C22:C31) -> 0.4722 | D32: =D31+D30+D29+D27+D26+D25+D24 -> 0.1816
A33: GRUPO C
A34: C1 | B34: Aviso Prévio Indenizado | C34: 0.0455 | D34: 0.0346
A35: C2 | B35: Aviso Prévio Trabalhado | C35: 0.0011 | D35: 0.0008
A36: C3 | B36: Férias Indenizadas | C36: 0.0315 | D36: 0.024
A37: C4 | B37: Depósito Rescisão Sem Justa Causa | C37: 0.0261 | D37: 0.0199
A38: C5 | B38: Indenização Adicional | C38: 0.0038 | D38: 0.0029
A39: C | B39: Total | C39: =SUM(C34:C38) -> 0.108 | D39: =SUM(D34:D38) -> 0.0822
A41: D1 | B41: Reincidência de Grupo A sobre Grupo B | C41: 0.1785 | D41: 0.0686
A42: D2 | B42: Reincidência de Grupo A sobre Aviso Prévio Trabalhado e Reincidência do FGTS sobre Aviso Prévio Indenizado | C42: 0.0041 | D42: 0.0031
A43: D | B43: Total | C43: =SUM(C41:C42) -> 0.1826 | D43: =SUM(D41:D42) -> 0.0717
A44: TOTAL(A+B+C+D) | C44: =C43+C39+C32+C20 -> 1.1408 | D44: =D43+D39+D32+D20 -> 0.7135
